Workbook
Name circ_switch: Info!$N$10
Name Local_currency: Info!$N$7
Name start_date: Info!$N$6
Name today_date: Info!$N$6

Sheet Welcome
A2: Renewable Energy Modeling
A5: This document is for training purposes only. Financial Edge accepts no responsibility or liability for any other purpose or usage.
A7: ="© "&YEAR(TODAY())&" Financial Edge Training " -> © 2024 Financial Edge Training

Sheet Info
A1: =Welcome!A2 -> Renewable Energy Modeling
A2: =RIGHT(CELL("filename",A1),LEN(CELL("filename",A1))-SEARCH("]",CELL("filename", A1))) -> Info
B4: Features | L4: Model Details
L5: Company name | N5: Sussex wind
L6: Date | N6: 54788
L7: Currency | N7: GBP
L8: Units | N8: Thousands
L9: Analyst Name | N9: Firstname Lastname
L10: Circular Switch | N10: 1
B13: Tab Structure | O13: Formatting
D14: Assumptions and outputs
D15: Operations | P15: Input
D16: Sources and uses | P16: Hard coded
D17: P&L and tax | P17: Formulas
D18: Balance sheet | P18: Line that will be deferred
D19: Cashflow statement | P19: Circular line
D20: Debt

Sheet Assumptions and Outputs
A1: =Info!A1 -> Renewable Energy Modeling
A2: =RIGHT(CELL("filename",A1),LEN(CELL("filename",A1))-SEARCH("]",CELL("filename", A1))) -> Assumptions and Outputs | C2: Input | D2: Input | F2: ='Assumptions and Outputs'!D11 -> 55153 | G2: =EDATE(F2,12) -> 55518 | H2: =EDATE(G2,12) -> 55884 | I2: =EDATE(H2,12) -> 56249 | J2: =EDATE(I2,12) -> 56614 | K2: =EDATE(J2,12) -> 56979 | L2: =EDATE(K2,12) -> 57345 | M2: =EDATE(L2,12) -> 57710 | N2: =EDATE(M2,12) -> 58075 | ... AA2: =EDATE(Z2,12) -> 62823
B3: ="all in "&Local_currency&" 000s unless stated" -> all in GBP 000s unless stated | L3: =IF(ISBLANK(K3),"",_xlfn.FORMULATEXT(K3))
L4: =IF(ISBLANK(K4),"",_xlfn.FORMULATEXT(K4))
A5: Assumptions | L5: =IF(ISBLANK(K5),"",_xlfn.FORMULATEXT(K5))
L6: =IF(ISBLANK(K6),"",_xlfn.FORMULATEXT(K6))
A7: General | L7: =IF(ISBLANK(K7),"",_xlfn.FORMULATEXT(K7))
B8: Inflation | D8: 0.04 | L8: =IF(ISBLANK(K8),"",_xlfn.FORMULATEXT(K8))
L9: =IF(ISBLANK(K9),"",_xlfn.FORMULATEXT(K9))
A10: Timing | L10: =IF(ISBLANK(K10),"",_xlfn.FORMULATEXT(K10))
B11: Capex starts in year ending | D11: 55153 | L11: =IF(ISBLANK(K11),"",_xlfn.FORMULATEXT(K11))
B12: Project starts in year ending | D12: 55884 | L12: =IF(ISBLANK(K12),"",_xlfn.FORMULATEXT(K12))
B13: Debt grace period ends | D13: 56249 | L13: =IF(ISBLANK(K13),"",_xlfn.FORMULATEXT(K13))
L14: =IF(ISBLANK(K14),"",_xlfn.FORMULATEXT(K14))
A15: Plant Capacity | L15: =IF(ISBLANK(K15),"",_xlfn.FORMULATEXT(K15))
B16: Maximum capacity | C16: MW | D16: 200 | L16: =IF(ISBLANK(K16),"",_xlfn.FORMULATEXT(K16))
B17: Percentage ramp-up in 1st year of operations | D17: 0.8 | L17: =IF(ISBLANK(K17),"",_xlfn.FORMULATEXT(K17))
B18: Turbine efficiency | C18: % Capacity | D18: 0.4 | L18: =IF(ISBLANK(K18),"",_xlfn.FORMULATEXT(K18))
B19: Hours per day | C19: Hours | D19: 24 | L19: =IF(ISBLANK(K19),"",_xlfn.FORMULATEXT(K19))
B20: Days per year | C20: Days | D20: 365 | L20: =IF(ISBLANK(K20),"",_xlfn.FORMULATEXT(K20))
B21: Outage - scheduled | C21: Hrs/yr | D21: 240 | L21: =IF(ISBLANK(K21),"",_xlfn.FORMULATEXT(K21))
B22: Outage - forced | C22: Hrs/yr | D22: 380 | L22: =IF(ISBLANK(K22),"",_xlfn.FORMULATEXT(K22))
L23: =IF(ISBLANK(K23),"",_xlfn.FORMULATEXT(K23))
A24: Customers | L24: =IF(ISBLANK(K24),"",_xlfn.FORMULATEXT(K24))
B25: Offtaker 1 name | D25: Government | L25: =IF(ISBLANK(K25),"",_xlfn.FORMULATEXT(K25))
B26: Offtaker 2 name | D26: HEC energy | L26: =IF(ISBLANK(K26),"",_xlfn.FORMULATEXT(K26))
B27: ="Electricity sales - "&D25 -> Electricity sales - Government | C27: % Total | D27: 0.55 | L27: =IF(ISBLANK(K27),"",_xlfn.FORMULATEXT(K27))
B28: ="Electricity sales - "&D26 -> Electricity sales - HEC energy | C28: % Total | D28: 0.25 | L28: =IF(ISBLANK(K28),"",_xlfn.FORMULATEXT(K28))
B29: Electricity sales - Industrial | C29: % Total | D29: =1-SUM(D27:D28) -> 0.2 | L29: =IF(ISBLANK(K29),"",_xlfn.FORMULATEXT(K29))
L30: =IF(ISBLANK(K30),"",_xlfn.FORMULATEXT(K30))
B31: Offtaker capacity charge agreement - Debt service | D31: 1 | L31: =IF(ISBLANK(K31),"",_xlfn.FORMULATEXT(K31))
B32: Offtaker capacity charge agreement - Fixed costs | D32: 0.6 | L32: =IF(ISBLANK(K32),"",_xlfn.FORMULATEXT(K32))
L33: =IF(ISBLANK(K33),"",_xlfn.FORMULATEXT(K33))
A34: Pricing | L34: =IF(ISBLANK(K34),"",_xlfn.FORMULATEXT(K34))
B35: =D25&" price in real terms per MWh" -> Government price in real terms per MWh | C35: £ | D35: 40 | L35: =IF(ISBLANK(K35),"",_xlfn.FORMULATEXT(K35))
B36: =D26&" price in real terms per MWh" -> HEC energy price in real terms per MWh | C36: £ | D36: 30 | L36: =IF(ISBLANK(K36),"",_xlfn.FORMULATEXT(K36))
B37: Industrial price in real terms per MWh | C37: £ | D37: 50 | L37: =IF(ISBLANK(K37),"",_xlfn.FORMULATEXT(K37))
L38: =IF(ISBLANK(K38),"",_xlfn.FORMULATEXT(K38))
A39: Costs | L39: =IF(ISBLANK(K39),"",_xlfn.FORMULATEXT(K39))
B40: Variable costs % of electricity revenues | D40: 0.15 | L40: =IF(ISBLANK(K40),"",_xlfn.FORMULATEXT(K40))
B41: Fixed costs in real terms (not including depreciation) | D41: 20000 | L41: =IF(ISBLANK(K41),"",_xlfn.FORMULATEXT(K41))
L42: =IF(ISBLANK(K42),"",_xlfn.FORMULATEXT(K42))
A43: Capex | L43: =IF(ISBLANK(K43),"",_xlfn.FORMULATEXT(K43))
B44: Capex % of total in year 1 | C44: 1 | D44: 0.2 | L44: =IF(ISBLANK(K44),"",_xlfn.FORMULATEXT(K44))
B45: Capex % of total in year 2 | C45: 2 | D45: =1-D44 -> 0.8 | L45: =IF(ISBLANK(K45),"",_xlfn.FORMULATEXT(K45))
L46: =IF(ISBLANK(K46),"",_xlfn.FORMULATEXT(K46))
B47: Purchase currency | D47: USD | L47: =IF(ISBLANK(K47),"",_xlfn.FORMULATEXT(K47))
B48: Capex per MW of capacity in real terms | C48: =D47&" 000s" -> USD 000s | D48: 1300 | L48: =IF(ISBLANK(K48),"",_xlfn.FORMULATEXT(K48))
B49: Overrun | C49: % Capex | D49: 0 | L49: =IF(ISBLANK(K49),"",_xlfn.FORMULATEXT(K49))
B50: Initial Exchange rate | C50: =Local_currency&"/ 1"&D47 -> GBP/ 1USD | D50: =1/1.25 -> 0.8 | L50: =IF(ISBLANK(K50),"",_xlfn.FORMULATEXT(K50))
B51: ="Local currency devaluation vs "&D47 -> Local currency devaluation vs USD | C51: % per year | D51: 0.03 | L51: =IF(ISBLANK(K51),"",_xlfn.FORMULATEXT(K51))
L52: =IF(ISBLANK(K52),"",_xlfn.FORMULATEXT(K52))
B53: Depreciation per year | C53: % Cost | D53: 0.05 | L53: =IF(ISBLANK(K53),"",_xlfn.FORMULATEXT(K53))
L54: =IF(ISBLANK(K54),"",_xlfn.FORMULATEXT(K54))
A55: Tax | L55: =IF(ISBLANK(K55),"",_xlfn.FORMULATEXT(K55))
B56: Tax rate | D56: 0.25 | L56: =IF(ISBLANK(K56),"",_xlfn.FORMULATEXT(K56))
B57: Interest deductibility restriction (thin cap rules) | C57: % EBITDA | D57: 0.3 | L57: =IF(ISBLANK(K57),"",_xlfn.FORMULATEXT(K57))
B58: % Tax paid during year | C58: % | D58: 0.5 | L58: =IF(ISBLANK(K58),"",_xlfn.FORMULATEXT(K58))
B59: % Tax paid next year | C59: % | D59: =1-D58 -> 0.5 | L59: =IF(ISBLANK(K59),"",_xlfn.FORMULATEXT(K59))
L60: =IF(ISBLANK(K60),"",_xlfn.FORMULATEXT(K60))
A61: Working capital | L61: =IF(ISBLANK(K61),"",_xlfn.FORMULATEXT(K61))
B62: Receivables | C62: Days | D62: 30 | L62: =IF(ISBLANK(K62),"",_xlfn.FORMULATEXT(K62))
B63: Payables | C63: Days | D63: 60 | L63: =IF(ISBLANK(K63),"",_xlfn.FORMULATEXT(K63))
L64: =IF(ISBLANK(K64),"",_xlfn.FORMULATEXT(K64))
A65: Debt | L65: =IF(ISBLANK(K65),"",_xlfn.FORMULATEXT(K65))
B66: Debt financing (%) | D66: 0.5 | L66: =IF(ISBLANK(K66),"",_xlfn.FORMULATEXT(K66))
B67: Debt (Senior) | C67: % Debt | D67: 0.7 | L67: =IF(ISBLANK(K67),"",_xlfn.FORMULATEXT(K67))
B68: Debt (Junior) | C68: % Debt | D68: =1-D67 -> 0.3 | L68: =IF(ISBLANK(K68),"",_xlfn.FORMULATEXT(K68))
B69: Repayment period after grace period - Senior | C69: Years | D69: 15 | L69: =IF(ISBLANK(K69),"",_xlfn.FORMULATEXT(K69))
B70: Repayment period after grace period - Junior | C70: Years | D70: 18 | L70: =IF(ISBLANK(K70),"",_xlfn.FORMULATEXT(K70))
B71: Base interest rate | D71: 0.03 | L71: =IF(ISBLANK(K71),"",_xlfn.FORMULATEXT(K71))
B72: Credit margin Senior | D72: 0.008 | L72: =IF(ISBLANK(K72),"",_xlfn.FORMULATEXT(K72))
B73: Interest rate Senior | D73: =SUM(D71:D72) -> 0.038 | L73: =IF(ISBLANK(K73),"",_xlfn.FORMULATEXT(K73))
B74: Credit margin Junior | D74: 0.038 | L74: =IF(ISBLANK(K74),"",_xlfn.FORMULATEXT(K74))
B75: Interest rate Junior | D75: =+D71+D74 -> 0.068 | L75: =IF(ISBLANK(K75),"",_xlfn.FORMULATEXT(K75))
L76: =IF(ISBLANK(K76),"",_xlfn.FORMULATEXT(K76))
B77: Weighted average cost of debt | D77: =D73*D67+D75*D68 -> 0.047 | L77: =IF(ISBLANK(K77),"",_xlfn.FORMULATEXT(K77))
L78: =IF(ISBLANK(K78),"",_xlfn.FORMULATEXT(K78))
B79: Deposit rate | C79: % Per yr | D79: 0.01 | L79: =IF(ISBLANK(K79),"",_xlfn.FORMULATEXT(K79))
L80: =IF(ISBLANK(K80),"",_xlfn.FORMULATEXT(K80))
B81: Minimum total DSCR | D81: 1.25 | L81: =IF(ISBLANK(K81),"",_xlfn.FORMULATEXT(K81))
B82: Minimum senior debt DSCR | D82: 1.5 | L82: =IF(ISBLANK(K82),"",_xlfn.FORMULATEXT(K82))
B83: Minimum junior debtDSCR | D83: 2 | L83: =IF(ISBLANK(K83),"",_xlfn.FORMULATEXT(K83))
B84: Target minimum LLCR | D84: 1.5 | L84: =IF(ISBLANK(K84),"",_xlfn.FORMULATEXT(K84))
B85: Target minimum Interest Cover Ratio | D85: 1.5 | L85: =IF(ISBLANK(K85),"",_xlfn.FORMULATEXT(K85))
L86: =IF(ISBLANK(K86),"",_xlfn.FORMULATEXT(K86))
A87: Dividends | L87: =IF(ISBLANK(K87),"",_xlfn.FORMULATEXT(K87))
B88: Dividend Payout % of cash available for distributions | D88: 1 | L88: =IF(ISBLANK(K88),"",_xlfn.FORMULATEXT(K88))
B89: Dividend condition: DSCR minimum | D89: 2 | L89: =IF(ISBLANK(K89),"",_xlfn.FORMULATEXT(K89))
B90: Target IRR | D90: 0.12 | L90: =IF(ISBLANK(K90),"",_xlfn.FORMULATEXT(K90))
L91: =IF(ISBLANK(K91),"",_xlfn.FORMULATEXT(K91))
A92: Outputs | L92: =IF(ISBLANK(K92),"",_xlfn.FORMULATEXT(K92))
L93: =IF(ISBLANK(K93),"",_xlfn.FORMULATEXT(K93))
A94: Breaches | D94: =Debt!D89 -> 0 | L94: =IF(ISBLANK(K94),"",_xlfn.FORMULATEXT(K94))
L95: =IF(ISBLANK(K95),"",_xlfn.FORMULATEXT(K95))
A96: Returns | L96: =IF(ISBLANK(K96),"",_xlfn.FORMULATEXT(K96))
B97: Issuance of equity | F97: ='Sources and Uses'!F60*-1 -> -44561.92 | G97: ='Sources and Uses'!G60*-1 -> -77490.858 | H97: ='Sources and Uses'!H60*-1 -> 0 | I97: ='Sources and Uses'!I60*-1 -> 0 | J97: ='Sources and Uses'!J60*-1 -> 0 | K97: ='Sources and Uses'!K60*-1 -> 0 | L97: ='Sources and Uses'!L60*-1 -> 0 | M97: ='Sources and Uses'!M60*-1 -> 0 | ... AA97: ='Sources and Uses'!AA60*-1 -> 0 | AB97: =IF(ISBLANK(AA97),"",_xlfn.FORMULATEXT(AA97)) -> ='Sources and Uses'!AA60*-1
B98: Dividends | F98: =Debt!F47*-1 -> 0 | G98: =Debt!G47*-1 -> 0 | H98: =Debt!H47*-1 -> 11483.314 | I98: =Debt!I47*-1 -> 8026.3464 | J98: =Debt!J47*-1 -> 14732.635 | K98: =Debt!K47*-1 -> 14810.959 | L98: =Debt!L47*-1 -> 15339.544 | M98: =Debt!M47*-1 -> 15889.378 | ... AA98: =Debt!AA47*-1 -> 29478.828 | AB98: =IF(ISBLANK(AA98),"",_xlfn.FORMULATEXT(AA98)) -> =Debt!AA47*-1
B99: Total cashflows | F99: =SUM(F97:F98) -> -44561.92 | G99: =SUM(G97:G98) -> -77490.858 | H99: =SUM(H97:H98) -> 11483.314 | I99: =SUM(I97:I98) -> 8026.3464 | J99: =SUM(J97:J98) -> 14732.635 | K99: =SUM(K97:K98) -> 14810.959 | L99: =SUM(L97:L98) -> 15339.544 | M99: =SUM(M97:M98) -> 15889.378 | ... AA99: =SUM(AA97:AA98) -> 29478.828 | AB99: =IF(ISBLANK(AA99),"",_xlfn.FORMULATEXT(AA99)) -> =SUM(AA97:AA98)
L100: =IF(ISBLANK(K100),"",_xlfn.FORMULATEXT(K100))
...

Sheet Operations
A1: =Info!A1 -> Renewable Energy Modeling
A2: =RIGHT(CELL("filename",A1),LEN(CELL("filename",A1))-SEARCH("]",CELL("filename", A1))) -> Operations | C2: Input | D2: Input | F2: ='Assumptions and Outputs'!D11 -> 55153 | G2: =EDATE(F2,12) -> 55518 | H2: =EDATE(G2,12) -> 55884 | I2: =EDATE(H2,12) -> 56249 | J2: =EDATE(I2,12) -> 56614 | K2: =EDATE(J2,12) -> 56979 | L2: =EDATE(K2,12) -> 57345 | M2: =EDATE(L2,12) -> 57710 | N2: =EDATE(M2,12) -> 58075 | ... AA2: =EDATE(Z2,12) -> 62823
B3: ="all in "&Local_currency&" 000s unless stated" -> all in GBP 000s unless stated | L3: =IF(ISBLANK(K3),"",_xlfn.FORMULATEXT(K3))
L4: =IF(ISBLANK(K4),"",_xlfn.FORMULATEXT(K4))
A5: Flags | L5: =IF(ISBLANK(K5),"",_xlfn.FORMULATEXT(K5))
B6: Project operational | C6: Yr end | D6: ='Assumptions and Outputs'!D12 -> 55884 | F6: =IF(F2>=$D$6,1,0) -> 0 | G6: =IF(G2>=$D$6,1,0) -> 0 | H6: =IF(H2>=$D$6,1,0) -> 1 | I6: =IF(I2>=$D$6,1,0) -> 1 | J6: =IF(J2>=$D$6,1,0) -> 1 | K6: =IF(K2>=$D$6,1,0) -> 1 | L6: =IF(L2>=$D$6,1,0) -> 1 | M6: =IF(M2>=$D$6,1,0) -> 1 | ... AA6: =IF(AA2>=$D$6,1,0) -> 1
B7: Project ramp up year 1 | F7: =IF(SUM($F$6:F6)=1,1,0) -> 0 | G7: =IF(SUM($F$6:G6)=1,1,0) -> 0 | H7: =IF(SUM($F$6:H6)=1,1,0) -> 1 | I7: =IF(SUM($F$6:I6)=1,1,0) -> 0 | J7: =IF(SUM($F$6:J6)=1,1,0) -> 0 | K7: =IF(SUM($F$6:K6)=1,1,0) -> 0 | L7: =IF(SUM($F$6:L6)=1,1,0) -> 0 | M7: =IF(SUM($F$6:M6)=1,1,0) -> 0 | ... AA7: =IF(SUM($F$6:AA6)=1,1,0) -> 0
A9: Inflation
B10: Inflation index with base of 1 | C10: Inflation | D10: ='Assumptions and Outputs'!D8 -> 0.04 | E10: 1 | F10: =(1+$D$10)*E10 -> 1.04 | G10: =(1+$D$10)*F10 -> 1.0816 | H10: =(1+$D$10)*G10 -> 1.124864 | I10: =(1+$D$10)*H10 -> 1.1698586 | J10: =(1+$D$10)*I10 -> 1.2166529 | K10: =(1+$D$10)*J10 -> 1.265319 | L10: =(1+$D$10)*K10 -> 1.3159318 | M10: =(1+$D$10)*L10 -> 1.3685691 | ... AA10: =(1+$D$10)*Z10 -> 2.3699188
A12: Capacity
B13: Project capacity % | C13: Ramp up | D13: ='Assumptions and Outputs'!D17 -> 0.8 | F13: =F6*IF(F7=1,$D$13,1) -> 0 | G13: =G6*IF(G7=1,$D$13,1) -> 0 | H13: =H6*IF(H7=1,$D$13,1) -> 0.8 | I13: =I6*IF(I7=1,$D$13,1) -> 1 | J13: =J6*IF(J7=1,$D$13,1) -> 1 | K13: =K6*IF(K7=1,$D$13,1) -> 1 | L13: =L6*IF(L7=1,$D$13,1) -> 1 | M13: =M6*IF(M7=1,$D$13,1) -> 1 | ... AA13: =AA6*IF(AA7=1,$D$13,1) -> 1
B14: Project capacity MW | C14: Max MW | D14: ='Assumptions and Outputs'!D16 -> 200 | F14: =$D$14*F13 -> 0 | G14: =$D$14*G13 -> 0 | H14: =$D$14*H13 -> 160 | I14: =$D$14*I13 -> 200 | J14: =$D$14*J13 -> 200 | K14: =$D$14*K13 -> 200 | L14: =$D$14*L13 -> 200 | M14: =$D$14*M13 -> 200 | ... AA14: =$D$14*AA13 -> 200
B15: Achieved total capacity MW | C15: Efficiency | D15: ='Assumptions and Outputs'!D18 -> 0.4 | F15: =$D$15*F14 -> 0 | G15: =$D$15*G14 -> 0 | H15: =$D$15*H14 -> 64 | I15: =$D$15*I14 -> 80 | J15: =$D$15*J14 -> 80 | K15: =$D$15*K14 -> 80 | L15: =$D$15*L14 -> 80 | M15: =$D$15*M14 -> 80 | ... AA15: =$D$15*AA14 -> 80
B17: Max operational hrs | F17: ='Assumptions and Outputs'!$D$20*'Assumptions and Outputs'!$D$19 -> 8760 | G17: ='Assumptions and Outputs'!$D$20*'Assumptions and Outputs'!$D$19 -> 8760 | H17: ='Assumptions and Outputs'!$D$20*'Assumptions and Outputs'!$D$19 -> 8760 | I17: ='Assumptions and Outputs'!$D$20*'Assumptions and Outputs'!$D$19 -> 8760 | J17: ='Assumptions and Outputs'!$D$20*'Assumptions and Outputs'!$D$19 -> 8760 | K17: ='Assumptions and Outputs'!$D$20*'Assumptions and Outputs'!$D$19 -> 8760 | L17: ='Assumptions and Outputs'!$D$20*'Assumptions and Outputs'!$D$19 -> 8760 | M17: ='Assumptions and Outputs'!$D$20*'Assumptions and Outputs'!$D$19 -> 8760 | ... AA17: ='Assumptions and Outputs'!$D$20*'Assumptions and Outputs'!$D$19 -> 8760
B18: Outage - scheduled hrs | C18: Hrs/yr | D18: ='Assumptions and Outputs'!D21 -> 240 | F18: =$D$18*-1 -> -240 | G18: =$D$18*-1 -> -240 | H18: =$D$18*-1 -> -240 | I18: =$D$18*-1 -> -240 | J18: =$D$18*-1 -> -240 | K18: =$D$18*-1 -> -240 | L18: =$D$18*-1 -> -240 | M18: =$D$18*-1 -> -240 | ... AA18: =$D$18*-1 -> -240
B19: Outage - forced hrs | C19: Hrs/yr | D19: ='Assumptions and Outputs'!D22 -> 380 | F19: =$D$19*-1 -> -380 | G19: =$D$19*-1 -> -380 | H19: =$D$19*-1 -> -380 | I19: =$D$19*-1 -> -380 | J19: =$D$19*-1 -> -380 | K19: =$D$19*-1 -> -380 | L19: =$D$19*-1 -> -380 | M19: =$D$19*-1 -> -380 | ... AA19: =$D$19*-1 -> -380
B20: Available hrs | F20: =SUM(F17:F19) -> 8140 | G20: =SUM(G17:G19) -> 8140 | H20: =SUM(H17:H19) -> 8140 | I20: =SUM(I17:I19) -> 8140 | J20: =SUM(J17:J19) -> 8140 | K20: =SUM(K17:K19) -> 8140 | L20: =SUM(L17:L19) -> 8140 | M20: =SUM(M17:M19) -> 8140 | ... AA20: =SUM(AA17:AA19) -> 8140
B22: Achieved MWh | F22: =F15*F20 -> 0 | G22: =G15*G20 -> 0 | H22: =H15*H20 -> 520960 | I22: =I15*I20 -> 651200 | J22: =J15*J20 -> 651200 | K22: =K15*K20 -> 651200 | L22: =L15*L20 -> 651200 | M22: =M15*M20 -> 651200 | ... AA22: =AA15*AA20 -> 651200
A24: Revenue
B25: Sales - Government Mwh | C25: % Total | D25: ='Assumptions and Outputs'!D27 -> 0.55 | F25: =$D25*F$22 -> 0 | G25: =$D25*G$22 -> 0 | H25: =$D25*H$22 -> 286528 | I25: =$D25*I$22 -> 358160 | J25: =$D25*J$22 -> 358160 | K25: =$D25*K$22 -> 358160 | L25: =$D25*L$22 -> 358160 | M25: =$D25*M$22 -> 358160 | ... AA25: =$D25*AA$22 -> 358160
B26: Sales - HEC energy MWh | C26: % Total | D26: ='Assumptions and Outputs'!D28 -> 0.25 | F26: =$D26*F$22 -> 0 | G26: =$D26*G$22 -> 0 | H26: =$D26*H$22 -> 130240 | I26: =$D26*I$22 -> 162800 | J26: =$D26*J$22 -> 162800 | K26: =$D26*K$22 -> 162800 | L26: =$D26*L$22 -> 162800 | M26: =$D26*M$22 -> 162800 | ... AA26: =$D26*AA$22 -> 162800
B27: Sales - Industrial MWh | C27: % Total | D27: ='Assumptions and Outputs'!D29 -> 0.2 | F27: =$D27*F$22 -> 0 | G27: =$D27*G$22 -> 0 | H27: =$D27*H$22 -> 104192 | I27: =$D27*I$22 -> 130240 | J27: =$D27*J$22 -> 130240 | K27: =$D27*K$22 -> 130240 | L27: =$D27*L$22 -> 130240 | M27: =$D27*M$22 -> 130240 | ... AA27: =$D27*AA$22 -> 130240
B29: Prices - Government per MWh | C29: Real price | D29: ='Assumptions and Outputs'!D35/1000 -> 0.04 | F29: =$D29*F$10 -> 0.0416 | G29: =$D29*G$10 -> 0.043264 | H29: =$D29*H$10 -> 0.04499456 | I29: =$D29*I$10 -> 0.046794342 | J29: =$D29*J$10 -> 0.048666116 | K29: =$D29*K$10 -> 0.050612761 | L29: =$D29*L$10 -> 0.052637271 | M29: =$D29*M$10 -> 0.054742762 | ... AA29: =$D29*AA$10 -> 0.094796752
B30: Prices - HEC energy per MWh | C30: Real price | D30: ='Assumptions and Outputs'!D36/1000 -> 0.03 | F30: =$D30*F$10 -> 0.0312 | G30: =$D30*G$10 -> 0.032448 | H30: =$D30*H$10 -> 0.03374592 | I30: =$D30*I$10 -> 0.035095757 | J30: =$D30*J$10 -> 0.036499587 | K30: =$D30*K$10 -> 0.037959571 | L30: =$D30*L$10 -> 0.039477953 | M30: =$D30*M$10 -> 0.041057072 | ... AA30: =$D30*AA$10 -> 0.071097564
B31: Prices - Industrial per MWh | C31: Real price | D31: ='Assumptions and Outputs'!D37/1000 -> 0.05 | F31: =$D31*F$10 -> 0.052 | G31: =$D31*G$10 -> 0.05408 | H31: =$D31*H$10 -> 0.0562432 | I31: =$D31*I$10 -> 0.058492928 | J31: =$D31*J$10 -> 0.060832645 | K31: =$D31*K$10 -> 0.063265951 | L31: =$D31*L$10 -> 0.065796589 | M31: =$D31*M$10 -> 0.068428453 | ... AA31: =$D31*AA$10 -> 0.11849594
B33: Sales - Government | F33: =F25*F29 -> 0 | G33: =G25*G29 -> 0 | H33: =H25*H29 -> 12892.201 | I33: =I25*I29 -> 16759.862 | J33: =J25*J29 -> 17430.256 | K33: =K25*K29 -> 18127.466 | L33: =L25*L29 -> 18852.565 | M33: =M25*M29 -> 19606.668 | ... AA33: =AA25*AA29 -> 33952.405
B34: Sales - HEC energy | F34: =F26*F30 -> 0 | G34: =G26*G30 -> 0 | H34: =H26*H30 -> 4395.0686 | I34: =I26*I30 -> 5713.5892 | J34: =J26*J30 -> 5942.1328 | K34: =K26*K30 -> 6179.8181 | L34: =L26*L30 -> 6427.0108 | M34: =M26*M30 -> 6684.0912 | ... AA34: =AA26*AA30 -> 11574.683
B35: Sales - Industrial | F35: =F27*F31 -> 0 | G35: =G27*G31 -> 0 | H35: =H27*H31 -> 5860.0915 | I35: =I27*I31 -> 7618.1189 | J35: =J27*J31 -> 7922.8437 | K35: =K27*K31 -> 8239.7574 | L35: =L27*L31 -> 8569.3477 | M35: =M27*M31 -> 8912.1217 | ... AA35: =AA27*AA31 -> 15432.911
B36: Electricity revenue | F36: =SUM(F33:F35) -> 0 | G36: =SUM(G33:G35) -> 0 | H36: =SUM(H33:H35) -> 23147.361 | I36: =SUM(I33:I35) -> 30091.57 | J36: =SUM(J33:J35) -> 31295.233 | K36: =SUM(K33:K35) -> 32547.042 | L36: =SUM(L33:L35) -> 33848.924 | M36: =SUM(M33:M35) -> 35202.881 | ... AA36: =SUM(AA33:AA35) -> 60959.999
B38: Capacity charge - debt service | C38: % Cover | D38: ='Assumptions and Outputs'!D31 -> 1 | F38: =IF(circ_switch=1,Debt!F59*-1,0) -> 0 | G38: =IF(circ_switch=1,Debt!G59*-1,0) -> 0 | H38: =IF(circ_switch=1,Debt!H59*-1,0) -> 5736.4806 | I38: =IF(circ_switch=1,Debt!I59*-1,0) -> 5736.4806 | J38: =IF(circ_switch=1,Debt!J59*-1,0) -> 13289.106 | K38: =IF(circ_switch=1,Debt!K59*-1,0) -> 12934.34 | L38: =IF(circ_switch=1,Debt!L59*-1,0) -> 12579.573 | M38: =IF(circ_switch=1,Debt!M59*-1,0) -> 12224.806 | ... AA38: =IF(circ_switch=1,Debt!AA59*-1,0) -> 2103.3762
B39: Capacity charge - fixed costs | C39: % Cover | D39: ='Assumptions and Outputs'!D32 -> 0.6 | F39: =F46*-1*$D$39 -> 0 | G39: =G46*-1*$D$39 -> 0 | H39: =H46*-1*$D$39 -> 13498.368 | I39: =I46*-1*$D$39 -> 14038.303 | J39: =J46*-1*$D$39 -> 14599.835 | K39: =K46*-1*$D$39 -> 15183.828 | L39: =L46*-1*$D$39 -> 15791.181 | M39: =M46*-1*$D$39 -> 16422.829 | ... AA39: =AA46*-1*$D$39 -> 28439.025
B40: Capacity charge revenue | F40: =SUM(F38:F39) -> 0 | G40: =SUM(G38:G39) -> 0 | H40: =SUM(H38:H39) -> 19234.849 | I40: =SUM(I38:I39) -> 19774.783 | J40: =SUM(J38:J39) -> 27888.941 | K40: =SUM(K38:K39) -> 28118.168 | L40: =SUM(L38:L39) -> 28370.754 | M40: =SUM(M38:M39) -> 28647.635 | ... AA40: =SUM(AA38:AA39) -> 30542.402
B42: Total revenue | F42: =F36+F40 -> 0 | G42: =G36+G40 -> 0 | H42: =H36+H40 -> 42382.21 | I42: =I36+I40 -> 49866.353 | J42: =J36+J40 -> 59184.174 | K42: =K36+K40 -> 60665.21 | L42: =L36+L40 -> 62219.678 | M42: =M36+M40 -> 63850.515 | ... AA42: =AA36+AA40 -> 91502.401
A44: Costs
B45: Variable costs | C45: % Elec rev | D45: ='Assumptions and Outputs'!D40 -> 0.15 | F45: =$D$45*F36*-1 -> 0 | G45: =$D$45*G36*-1 -> 0 | H45: =$D$45*H36*-1 -> -3472.1042 | I45: =$D$45*I36*-1 -> -4513.7355 | J45: =$D$45*J36*-1 -> -4694.2849 | K45: =$D$45*K36*-1 -> -4882.0563 | L45: =$D$45*L36*-1 -> -5077.3385 | M45: =$D$45*M36*-1 -> -5280.4321 | ... AA45: =$D$45*AA36*-1 -> -9143.9999
B46: Fixed costs | C46: Real cost | D46: ='Assumptions and Outputs'!D41 -> 20000 | F46: =$D$46*F10*F6*-1 -> 0 | G46: =$D$46*G10*G6*-1 -> 0 | H46: =$D$46*H10*H6*-1 -> -22497.28 | I46: =$D$46*I10*I6*-1 -> -23397.171 | J46: =$D$46*J10*J6*-1 -> -24333.058 | K46: =$D$46*K10*K6*-1 -> -25306.38 | L46: =$D$46*L10*L6*-1 -> -26318.636 | M46: =$D$46*M10*M6*-1 -> -27371.381 | ... AA46: =$D$46*AA10*AA6*-1 -> -47398.376
B47: Total costs | F47: =SUM(F45:F46) -> 0 | G47: =SUM(G45:G46) -> 0 | H47: =SUM(H45:H46) -> -25969.384 | I47: =SUM(I45:I46) -> -27910.907 | J47: =SUM(J45:J46) -> -29027.343 | K47: =SUM(K45:K46) -> -30188.437 | L47: =SUM(L45:L46) -> -31395.974 | M47: =SUM(M45:M46) -> -32651.813 | ... AA47: =SUM(AA45:AA46) -> -56542.376
A49: Outputs and ratios
B50: EBITDA | F50: =F42+F47 -> 0 | G50: =G42+G47 -> 0 | H50: =H42+H47 -> 16412.826 | I50: =I42+I47 -> 21955.446 | J50: =J42+J47 -> 30156.831 | K50: =K42+K47 -> 30476.773 | L50: =L42+L47 -> 30823.704 | M50: =M42+M47 -> 31198.702 | ... AA50: =AA42+AA47 -> 34960.025
B51: Average revenue per MWh | F51: =IFERROR(F36/F22,"na") -> na | G51: =IFERROR(G36/G22,"na") -> na | H51: =IFERROR(H36/H22,"na") -> 0.044432128 | I51: =IFERROR(I36/I22,"na") -> 0.046209413 | J51: =IFERROR(J36/J22,"na") -> 0.04805779 | K51: =IFERROR(K36/K22,"na") -> 0.049980101 | L51: =IFERROR(L36/L22,"na") -> 0.051979305 | M51: =IFERROR(M36/M22,"na") -> 0.054058477 | ... AA51: =IFERROR(AA36/AA22,"na") -> 0.093611792
B52: EBITDA margin | F52: =IFERROR(F50/F42,"na") -> na | G52: =IFERROR(G50/G42,"na") -> na | H52: =IFERROR(H50/H42,"na") -> 0.38725743 | I52: =IFERROR(I50/I42,"na") -> 0.44028579 | J52: =IFERROR(J50/J42,"na") -> 0.50954215 | K52: =IFERROR(K50/K42,"na") -> 0.50237646 | L52: =IFERROR(L50/L42,"na") -> 0.49540121 | M52: =IFERROR(M50/M42,"na") -> 0.48862099 | ... AA52: =IFERROR(AA50/AA42,"na") -> 0.38206675
L53: =IF(ISBLANK(K53),"",_xlfn.FORMULATEXT(K53))
A54: End | L54: =IF(ISBLANK(K54),"",_xlfn.FORMULATEXT(K54))
L55: =IF(ISBLANK(K55),"",_xlfn.FORMULATEXT(K55))
L56: =IF(ISBLANK(K56),"",_xlfn.FORMULATEXT(K56))
L57: =IF(ISBLANK(K57),"",_xlfn.FORMULATEXT(K57))

Sheet Sources and Uses
A1: =Info!A1 -> Renewable Energy Modeling
A2: =RIGHT(CELL("filename",A1),LEN(CELL("filename",A1))-SEARCH("]",CELL("filename", A1))) -> Sources and Uses | C2: Input | D2: Input | F2: ='Assumptions and Outputs'!D11 -> 55153 | G2: =EDATE(F2,12) -> 55518 | H2: =EDATE(G2,12) -> 55884 | I2: =EDATE(H2,12) -> 56249 | J2: =EDATE(I2,12) -> 56614 | K2: =EDATE(J2,12) -> 56979 | L2: =EDATE(K2,12) -> 57345 | M2: =EDATE(L2,12) -> 57710 | N2: =EDATE(M2,12) -> 58075 | ... AA2: =EDATE(Z2,12) -> 62823
B3: ="all in "&Local_currency&" 000s unless stated" -> all in GBP 000s unless stated
A5: Flags
B6: Project operational | F6: =Operations!F6 -> 0 | G6: =Operations!G6 -> 0 | H6: =Operations!H6 -> 1 | I6: =Operations!I6 -> 1 | J6: =Operations!J6 -> 1 | K6: =Operations!K6 -> 1 | L6: =Operations!L6 -> 1 | M6: =Operations!M6 -> 1 | ... AA6: =Operations!AA6 -> 1
B7: Int during construction (IDC) | F7: =1-F6 -> 1 | G7: =1-G6 -> 1 | H7: =1-H6 -> 0 | I7: =1-I6 -> 0 | J7: =1-J6 -> 0 | K7: =1-K6 -> 0 | L7: =1-L6 -> 0 | M7: =1-M6 -> 0 | ... AA7: =1-AA6 -> 0
A9: Inflation
B10: Inflation index with base of 1 | F10: =Operations!F10 -> 1.04 | G10: =Operations!G10 -> 1.0816 | H10: =Operations!H10 -> 1.124864 | I10: =Operations!I10 -> 1.1698586 | J10: =Operations!J10 -> 1.2166529 | K10: =Operations!K10 -> 1.265319 | L10: =Operations!L10 -> 1.3159318 | M10: =Operations!M10 -> 1.3685691 | ... AA10: =Operations!AA10 -> 2.3699188
A12: Sources and uses summary
B13: Capex | F13: =F40 -> 44561.92 | G13: =G40 -> 190938.91 | H13: =H40 -> 0 | I13: =I40 -> 0 | J13: =J40 -> 0 | K13: =K40 -> 0 | L13: =L40 -> 0 | M13: =M40 -> 0 | ... AA13: =AA40 -> 0
B14: Int during construction (IDC) | F14: =F42 -> 0 | G14: =G42 -> 2868.2403 | H14: =H42 -> 0 | I14: =I42 -> 0 | J14: =J42 -> 0 | K14: =K42 -> 0 | L14: =L42 -> 0 | M14: =M42 -> 0 | ... AA14: =AA42 -> 0
B15: Debt Serv Res Acc buildup | F15: =F43 -> 0 | G15: =G43 -> 5736.4806 | H15: =H43 -> 0 | I15: =I43 -> 0 | J15: =J43 -> 0 | K15: =K43 -> 0 | L15: =L43 -> 0 | M15: =M43 -> 0 | ... AA15: =AA43 -> 0
B16: Total uses | F16: =SUM(F13:F15) -> 44561.92 | G16: =SUM(G13:G15) -> 199543.64 | H16: =SUM(H13:H15) -> 0 | I16: =SUM(I13:I15) -> 0 | J16: =SUM(J13:J15) -> 0 | K16: =SUM(K13:K15) -> 0 | L16: =SUM(L13:L15) -> 0 | M16: =SUM(M13:M15) -> 0 | ... AA16: =SUM(AA13:AA15) -> 0
B18: Equity issued | F18: =F60 -> 44561.92 | G18: =G60 -> 77490.858 | H18: =H60 -> 0 | I18: =I60 -> 0 | J18: =J60 -> 0 | K18: =K60 -> 0 | L18: =L60 -> 0 | M18: =M60 -> 0 | ... AA18: =AA60 -> 0
B19: Senior debt drawndown | F19: =F66 -> 0 | G19: =G66 -> 85436.944 | H19: =H66 -> 0 | I19: =I66 -> 0 | J19: =J66 -> 0 | K19: =K66 -> 0 | L19: =L66 -> 0 | M19: =M66 -> 0 | ... AA19: =AA66 -> 0
B20: Junior debt drawndown | F20: =F67 -> 0 | G20: =G67 -> 36615.833 | H20: =H67 -> 0 | I20: =I67 -> 0 | J20: =J67 -> 0 | K20: =K67 -> 0 | L20: =L67 -> 0 | M20: =M67 -> 0 | ... AA20: =AA67 -> 0
B21: Total sources | F21: =SUM(F18:F20) -> 44561.92 | G21: =SUM(G18:G20) -> 199543.64 | H21: =SUM(H18:H20) -> 0 | I21: =SUM(I18:I20) -> 0 | J21: =SUM(J18:J20) -> 0 | K21: =SUM(K18:K20) -> 0 | L21: =SUM(L18:L20) -> 0 | M21: =SUM(M18:M20) -> 0 | ... AA21: =SUM(AA18:AA20) -> 0
B23: Check | F23: =F21-F16 -> 0 | G23: =G21-G16 -> 0 | H23: =H21-H16 -> 0 | I23: =I21-I16 -> 0 | J23: =J21-J16 -> 0 | K23: =K21-K16 -> 0 | L23: =L21-L16 -> 0 | M23: =M21-M16 -> 0 | ... AA23: =AA21-AA16 -> 0
A25: Installed capacity
B26: Capex year | E26: 0 | F26: =E26+1 -> 1 | G26: =F26+1 -> 2 | H26: =G26+1 -> 3 | I26: =H26+1 -> 4 | J26: =I26+1 -> 5 | K26: =J26+1 -> 6 | L26: =K26+1 -> 7 | M26: =L26+1 -> 8 | ... AA26: =Z26+1 -> 22
B27: Capex % of total in year 1 | C27: ='Assumptions and Outputs'!C44 -> 1 | D27: ='Assumptions and Outputs'!D44 -> 0.2
B28: Capex % of total in year 2 | C28: ='Assumptions and Outputs'!C45 -> 2 | D28: ='Assumptions and Outputs'!D45 -> 0.8
B29: Capex % of total | F29: {=IFERROR(INDEX($D$27:$D$28,F26),0)} -> 0.2 | G29: {=IFERROR(INDEX($D$27:$D$28,G26),0)} -> 0.8 | H29: {=IFERROR(INDEX($D$27:$D$28,H26),0)} -> 0 | I29: {=IFERROR(INDEX($D$27:$D$28,I26),0)} -> 0 | J29: {=IFERROR(INDEX($D$27:$D$28,J26),0)} -> 0 | K29: {=IFERROR(INDEX($D$27:$D$28,K26),0)} -> 0 | L29: {=IFERROR(INDEX($D$27:$D$28,L26),0)} -> 0 | M29: {=IFERROR(INDEX($D$27:$D$28,M26),0)} -> 0 | ... AA29: {=IFERROR(INDEX($D$27:$D$28,AA26),0)} -> 0
B30: Installed capacity | C30: Max MW | D30: ='Assumptions and Outputs'!D16 -> 200 | F30: =$D$30*F29 -> 40 | G30: =$D$30*G29 -> 160 | H30: =$D$30*H29 -> 0 | I30: =$D$30*I29 -> 0 | J30: =$D$30*J29 -> 0 | K30: =$D$30*K29 -> 0 | L30: =$D$30*L29 -> 0 | M30: =$D$30*M29 -> 0 | ... AA30: =$D$30*AA29 -> 0
A32: Uses
B33: Capex per MW in USD 000s | C33: Real | D33: ='Assumptions and Outputs'!D48 -> 1300 | F33: =$D$33*F10 -> 1352 | G33: =$D$33*G10 -> 1406.08 | H33: =$D$33*H10 -> 1462.3232 | I33: =$D$33*I10 -> 1520.8161 | J33: =$D$33*J10 -> 1581.6488 | K33: =$D$33*K10 -> 1644.9147 | L33: =$D$33*L10 -> 1710.7113 | M33: =$D$33*M10 -> 1779.1398 | ... AA33: =$D$33*AA10 -> 3080.8944
B34: Capex per MW with overrun | C34: ='Assumptions and Outputs'!C49 -> % Capex | D34: ='Assumptions and Outputs'!D49 -> 0 | F34: =F33+$D$34*F33 -> 1352 | G34: =G33+$D$34*G33 -> 1406.08 | H34: =H33+$D$34*H33 -> 1462.3232 | I34: =I33+$D$34*I33 -> 1520.8161 | J34: =J33+$D$34*J33 -> 1581.6488 | K34: =K33+$D$34*K33 -> 1644.9147 | L34: =L33+$D$34*L33 -> 1710.7113 | M34: =M33+$D$34*M33 -> 1779.1398 | ... AA34: =AA33+$D$34*AA33 -> 3080.8944
B36: FX rate index | C36: Change/yr | D36: ='Assumptions and Outputs'!D51 -> 0.03 | E36: 1 | F36: =(1+$D$36)*E36 -> 1.03 | G36: =(1+$D$36)*F36 -> 1.0609 | H36: =(1+$D$36)*G36 -> 1.092727 | I36: =(1+$D$36)*H36 -> 1.1255088 | J36: =(1+$D$36)*I36 -> 1.1592741 | K36: =(1+$D$36)*J36 -> 1.1940523 | L36: =(1+$D$36)*K36 -> 1.2298739 | M36: =(1+$D$36)*L36 -> 1.2667701 | ... AA36: =(1+$D$36)*Z36 -> 1.9161034
B37: FX rate GBP/1USD | C37: Initial rate | D37: ='Assumptions and Outputs'!D50 -> 0.8 | F37: =$D$37*F36 -> 0.824 | G37: =$D$37*G36 -> 0.84872 | H37: =$D$37*H36 -> 0.8741816 | I37: =$D$37*I36 -> 0.90040705 | J37: =$D$37*J36 -> 0.92741926 | K37: =$D$37*K36 -> 0.95524184 | L37: =$D$37*L36 -> 0.98389909 | M37: =$D$37*M36 -> 1.0134161 | ... AA37: =$D$37*AA36 -> 1.5328827
B39: Capex per MW in GBP 000s | F39: =F34*F37 -> 1114.048 | G39: =G34*G37 -> 1193.3682 | H39: =H34*H37 -> 1278.336 | I39: =I34*I37 -> 1369.3536 | J39: =J34*J37 -> 1466.8515 | K39: =K34*K37 -> 1571.2914 | L39: =L34*L37 -> 1683.1673 | M39: =M34*M37 -> 1803.0088 | ... AA39: =AA34*AA37 -> 4722.6499
B40: Capex for installed capacity | F40: =F30*F39 -> 44561.92 | G40: =G30*G39 -> 190938.91 | H40: =H30*H39 -> 0 | I40: =I30*I39 -> 0 | J40: =J30*J39 -> 0 | K40: =K30*K39 -> 0 | L40: =L30*L39 -> 0 | M40: =M30*M39 -> 0 | ... AA40: =AA30*AA39 -> 0
B42: IDC (interest added to PPE) | F42: =IF(circ_switch=1,F74,0) -> 0 | G42: =IF(circ_switch=1,G74,0) -> 2868.2403 | H42: =IF(circ_switch=1,H74,0) -> 0 | I42: =IF(circ_switch=1,I74,0) -> 0 | J42: =IF(circ_switch=1,J74,0) -> 0 | K42: =IF(circ_switch=1,K74,0) -> 0 | L42: =IF(circ_switch=1,L74,0) -> 0 | M42: =IF(circ_switch=1,M74,0) -> 0 | ... AA42: =IF(circ_switch=1,AA74,0) -> 0
B43: Debt Serv Res Acc buildup | F43: =IF(AND(F7=1,circ_switch=1),Debt!E42-Debt!F42,0) -> 0 | G43: =IF(AND(G7=1,circ_switch=1),Debt!F42-Debt!G42,0) -> 5736.4806 | H43: =IF(AND(H7=1,circ_switch=1),Debt!G42-Debt!H42,0) -> 0 | I43: =IF(AND(I7=1,circ_switch=1),Debt!H42-Debt!I42,0) -> 0 | J43: =IF(AND(J7=1,circ_switch=1),Debt!I42-Debt!J42,0) -> 0 | K43: =IF(AND(K7=1,circ_switch=1),Debt!J42-Debt!K42,0) -> 0 | L43: =IF(AND(L7=1,circ_switch=1),Debt!K42-Debt!L42,0) -> 0 | M43: =IF(AND(M7=1,circ_switch=1),Debt!L42-Debt!M42,0) -> 0 | ... AA43: =IF(AND(AA7=1,circ_switch=1),Debt!Z42-Debt!AA42,0) -> 0
B45: Total funding need | F45: =F40+SUM(F42:F43) -> 44561.92 | G45: =G40+SUM(G42:G43) -> 199543.64 | H45: =H40+SUM(H42:H43) -> 0 | I45: =I40+SUM(I42:I43) -> 0 | J45: =J40+SUM(J42:J43) -> 0 | K45: =K40+SUM(K42:K43) -> 0 | L45: =L40+SUM(L42:L43) -> 0 | M45: =M40+SUM(M42:M43) -> 0 | ... AA45: =AA40+SUM(AA42:AA43) -> 0
A47: Capex/depreciation
B48: Beginning PPE | F48: =E51 -> 0 | G48: =F51 -> 44561.92 | H48: =G51 -> 238369.08 | I48: =H51 -> 226450.62 | J48: =I51 -> 214532.17 | K48: =J51 -> 202613.71 | L48: =K51 -> 190695.26 | M48: =L51 -> 178776.81 | ... AA48: =Z51 -> 11918.454
B49: Capex (including IDC) | C49: Total capex | D49: =SUM(F40:AA40)+SUM(F42:AA42) -> 238369.08 | F49: =F40+F42 -> 44561.92 | G49: =G40+G42 -> 193807.16 | H49: =H40+H42 -> 0 | I49: =I40+I42 -> 0 | J49: =J40+J42 -> 0 | K49: =K40+K42 -> 0 | L49: =L40+L42 -> 0 | M49: =M40+M42 -> 0 | ... AA49: =AA40+AA42 -> 0
B50: Depreciation | C50: ='Assumptions and Outputs'!C53 -> % Cost | D50: ='Assumptions and Outputs'!D53 -> 0.05 | F50: =MIN($D$49*$D$50,F48)*-1*F6 -> 0 | G50: =MIN($D$49*$D$50,G48)*-1*G6 -> 0 | H50: =MIN($D$49*$D$50,H48)*-1*H6 -> -11918.454 | I50: =MIN($D$49*$D$50,I48)*-1*I6 -> -11918.454 | J50: =MIN($D$49*$D$50,J48)*-1*J6 -> -11918.454 | K50: =MIN($D$49*$D$50,K48)*-1*K6 -> -11918.454 | L50: =MIN($D$49*$D$50,L48)*-1*L6 -> -11918.454 | M50: =MIN($D$49*$D$50,M48)*-1*M6 -> -11918.454 | ... AA50: =MIN($D$49*$D$50,AA48)*-1*AA6 -> -11918.454
B51: PPE at net book value | E51: 0 | F51: =SUM(F48:F50) -> 44561.92 | G51: =SUM(G48:G50) -> 238369.08 | H51: =SUM(H48:H50) -> 226450.62 | I51: =SUM(I48:I50) -> 214532.17 | J51: =SUM(J48:J50) -> 202613.71 | K51: =SUM(K48:K50) -> 190695.26 | L51: =SUM(L48:L50) -> 178776.81 | M51: =SUM(M48:M50) -> 166858.35 | ... AA51: =SUM(AA48:AA50) -> 0
A53: Equity financing
B54: Funding split calculation | C54: Total need | D54: =SUM(F45:AA45) -> 244105.56
C55: Equity | D55: =1-'Assumptions and Outputs'!D66 -> 0.5
C56: Max equity | D56: =D54*D55 -> 122052.78
B57: Equity finance remaining | F57: =$D$56-F59 -> 122052.78 | G57: =$D$56-G59 -> 77490.858 | H57: =$D$56-H59 -> 0 | I57: =$D$56-I59 -> 0 | J57: =$D$56-J59 -> 0 | K57: =$D$56-K59 -> 0 | L57: =$D$56-L59 -> 0 | M57: =$D$56-M59 -> 0 | ... AA57: =$D$56-AA59 -> 0
B59: Equity finance beginning | F59: =E61 -> 0 | G59: =F61 -> 44561.92 | H59: =G61 -> 122052.78 | I59: =H61 -> 122052.78 | J59: =I61 -> 122052.78 | K59: =J61 -> 122052.78 | L59: =K61 -> 122052.78 | M59: =L61 -> 122052.78 | ... AA59: =Z61 -> 122052.78
B60: Equity finance added | F60: =MIN(F45,F57) -> 44561.92 | G60: =MIN(G45,G57) -> 77490.858 | H60: =MIN(H45,H57) -> 0 | I60: =MIN(I45,I57) -> 0 | J60: =MIN(J45,J57) -> 0 | K60: =MIN(K45,K57) -> 0 | L60: =MIN(L45,L57) -> 0 | M60: =MIN(M45,M57) -> 0 | ... AA60: =MIN(AA45,AA57) -> 0
B61: Equity finance ending | E61: 0 | F61: =SUM(F59:F60) -> 44561.92 | G61: =SUM(G59:G60) -> 122052.78 | H61: =SUM(H59:H60) -> 122052.78 | I61: =SUM(I59:I60) -> 122052.78 | J61: =SUM(J59:J60) -> 122052.78 | K61: =SUM(K59:K60) -> 122052.78 | L61: =SUM(L59:L60) -> 122052.78 | M61: =SUM(M59:M60) -> 122052.78 | ... AA61: =SUM(AA59:AA60) -> 122052.78
A63: Debt financing & IDC
B64: Debt financing required | F64: =F45-F60 -> 0 | G64: =G45-G60 -> 122052.78 | H64: =H45-H60 -> 0 | I64: =I45-I60 -> 0 | J64: =J45-J60 -> 0 | K64: =K45-K60 -> 0 | L64: =L45-L60 -> 0 | M64: =M45-M60 -> 0 | ... AA64: =AA45-AA60 -> 0
B66: Senior debt drawdown | C66: ='Assumptions and Outputs'!C67 -> % Debt | D66: ='Assumptions and Outputs'!D67 -> 0.7 | F66: =$D$66*F64 -> 0 | G66: =$D$66*G64 -> 85436.944 | H66: =$D$66*H64 -> 0 | I66: =$D$66*I64 -> 0 | J66: =$D$66*J64 -> 0 | K66: =$D$66*K64 -> 0 | L66: =$D$66*L64 -> 0 | M66: =$D$66*M64 -> 0 | ... AA66: =$D$66*AA64 -> 0
B67: Junior debt drawdown | C67: ='Assumptions and Outputs'!C68 -> % Debt | D67: ='Assumptions and Outputs'!D68 -> 0.3 | F67: =$D$67*F64 -> 0 | G67: =$D$67*G64 -> 36615.833 | H67: =$D$67*H64 -> 0 | I67: =$D$67*I64 -> 0 | J67: =$D$67*J64 -> 0 | K67: =$D$67*K64 -> 0 | L67: =$D$67*L64 -> 0 | M67: =$D$67*M64 -> 0 | ... AA67: =$D$67*AA64 -> 0
B69: Senior debt drawn | F69: =SUM($F66:F66) -> 0 | G69: =SUM($F66:G66) -> 85436.944 | H69: =SUM($F66:H66) -> 85436.944 | I69: =SUM($F66:I66) -> 85436.944 | J69: =SUM($F66:J66) -> 85436.944 | K69: =SUM($F66:K66) -> 85436.944 | L69: =SUM($F66:L66) -> 85436.944 | M69: =SUM($F66:M66) -> 85436.944 | ... AA69: =SUM($F66:AA66) -> 85436.944
B70: Junior debt drawn | F70: =SUM($F67:F67) -> 0 | G70: =SUM($F67:G67) -> 36615.833 | H70: =SUM($F67:H67) -> 36615.833 | I70: =SUM($F67:I67) -> 36615.833 | J70: =SUM($F67:J67) -> 36615.833 | K70: =SUM($F67:K67) -> 36615.833 | L70: =SUM($F67:L67) -> 36615.833 | M70: =SUM($F67:M67) -> 36615.833 | ... AA70: =SUM($F67:AA67) -> 36615.833
B72: IDC senior debt | C72: Int rate | D72: ='Assumptions and Outputs'!D73 -> 0.038 | F72: =$D72*AVERAGE(E69,F69)*F$7 -> 0 | G72: =$D72*AVERAGE(F69,G69)*G$7 -> 1623.3019 | H72: =$D72*AVERAGE(G69,H69)*H$7 -> 0 | I72: =$D72*AVERAGE(H69,I69)*I$7 -> 0 | J72: =$D72*AVERAGE(I69,J69)*J$7 -> 0 | K72: =$D72*AVERAGE(J69,K69)*K$7 -> 0 | L72: =$D72*AVERAGE(K69,L69)*L$7 -> 0 | M72: =$D72*AVERAGE(L69,M69)*M$7 -> 0 | ... AA72: =$D72*AVERAGE(Z69,AA69)*AA$7 -> 0
B73: IDC junior debt | C73: Int rate | D73: ='Assumptions and Outputs'!D75 -> 0.068 | F73: =$D73*AVERAGE(E70,F70)*F$7 -> 0 | G73: =$D73*AVERAGE(F70,G70)*G$7 -> 1244.9383 | H73: =$D73*AVERAGE(G70,H70)*H$7 -> 0 | I73: =$D73*AVERAGE(H70,I70)*I$7 -> 0 | J73: =$D73*AVERAGE(I70,J70)*J$7 -> 0 | K73: =$D73*AVERAGE(J70,K70)*K$7 -> 0 | L73: =$D73*AVERAGE(K70,L70)*L$7 -> 0 | M73: =$D73*AVERAGE(L70,M70)*M$7 -> 0 | ... AA73: =$D73*AVERAGE(Z70,AA70)*AA$7 -> 0
B74: Total IDC | F74: =SUM(F72:F73) -> 0 | G74: =SUM(G72:G73) -> 2868.2403 | H74: =SUM(H72:H73) -> 0 | I74: =SUM(I72:I73) -> 0 | J74: =SUM(J72:J73) -> 0 | K74: =SUM(K72:K73) -> 0 | L74: =SUM(L72:L73) -> 0 | M74: =SUM(M72:M73) -> 0 | ... AA74: =SUM(AA72:AA73) -> 0
A76: End

Sheet P&L and Tax
A1: =Info!A1 -> Renewable Energy Modeling
A2: =RIGHT(CELL("filename",A1),LEN(CELL("filename",A1))-SEARCH("]",CELL("filename", A1))) -> P&L and Tax | C2: Input | D2: Input | F2: ='Assumptions and Outputs'!D11 -> 55153 | G2: =EDATE(F2,12) -> 55518 | H2: =EDATE(G2,12) -> 55884 | I2: =EDATE(H2,12) -> 56249 | J2: =EDATE(I2,12) -> 56614 | K2: =EDATE(J2,12) -> 56979 | L2: =EDATE(K2,12) -> 57345 | M2: =EDATE(L2,12) -> 57710 | N2: =EDATE(M2,12) -> 58075 | ... AA2: =EDATE(Z2,12) -> 62823
B3: ="all in "&Local_currency&" 000s unless stated" -> all in GBP 000s unless stated | L3: =IF(ISBLANK(K3),"",_xlfn.FORMULATEXT(K3))
L4: =IF(ISBLANK(K4),"",_xlfn.FORMULATEXT(K4))
A5: Profit before tax | L5: =IF(ISBLANK(K5),"",_xlfn.FORMULATEXT(K5))
B6: EBITDA | F6: =Operations!F50 -> 0 | G6: =Operations!G50 -> 0 | H6: =Operations!H50 -> 16412.826 | I6: =Operations!I50 -> 21955.446 | J6: =Operations!J50 -> 30156.831 | K6: =Operations!K50 -> 30476.773 | L6: =Operations!L50 -> 30823.704 | M6: =Operations!M50 -> 31198.702 | ... AA6: =Operations!AA50 -> 34960.025
B7: Depreciation | F7: ='Sources and Uses'!F50 -> 0 | G7: ='Sources and Uses'!G50 -> 0 | H7: ='Sources and Uses'!H50 -> -11918.454 | I7: ='Sources and Uses'!I50 -> -11918.454 | J7: ='Sources and Uses'!J50 -> -11918.454 | K7: ='Sources and Uses'!K50 -> -11918.454 | L7: ='Sources and Uses'!L50 -> -11918.454 | M7: ='Sources and Uses'!M50 -> -11918.454 | ... AA7: ='Sources and Uses'!AA50 -> -11918.454
B8: Interest income | F8: =IF(circ_switch=1,Debt!F50,0) -> 0 | G8: =IF(circ_switch=1,Debt!G50,0) -> 28.664487 | H8: =IF(circ_switch=1,Debt!H50,0) -> 57.34689 | I8: =IF(circ_switch=1,Debt!I50,0) -> 95.127935 | J8: =IF(circ_switch=1,Debt!J50,0) -> 131.11723 | K8: =IF(circ_switch=1,Debt!K50,0) -> 127.56956 | L8: =IF(circ_switch=1,Debt!L50,0) -> 124.0219 | M8: =IF(circ_switch=1,Debt!M50,0) -> 120.47423 | ... AA8: =IF(circ_switch=1,Debt!AA50,0) -> 10.516881
B9: Interest expense | F9: =IF(circ_switch=1,Debt!F57,0) -> 0 | G9: =IF(circ_switch=1,Debt!G57,0) -> 0 | H9: =IF(circ_switch=1,Debt!H57,0) -> -5736.4806 | I9: =IF(circ_switch=1,Debt!I57,0) -> -5736.4806 | J9: =IF(circ_switch=1,Debt!J57,0) -> -5559.0972 | K9: =IF(circ_switch=1,Debt!K57,0) -> -5204.3304 | L9: =IF(circ_switch=1,Debt!L57,0) -> -4849.5637 | M9: =IF(circ_switch=1,Debt!M57,0) -> -4494.797 | ... AA9: =IF(circ_switch=1,Debt!AA57,0) -> -69.163241
B10: Profit before tax | F10: =SUM(F6:F9) -> 0 | G10: =SUM(G6:G9) -> 28.664487 | H10: =SUM(H6:H9) -> -1184.7617 | I10: =SUM(I6:I9) -> 4395.6401 | J10: =SUM(J6:J9) -> 12810.397 | K10: =SUM(K6:K9) -> 13481.559 | L10: =SUM(L6:L9) -> 14179.708 | M10: =SUM(M6:M9) -> 14905.926 | ... AA10: =SUM(AA6:AA9) -> 22982.925
A12: Thin capitalisation/BEPs
B13: Interest as a % of EBITDA | F13: =IFERROR(F9/F6*-1,"na") -> na | G13: =IFERROR(G9/G6*-1,"na") -> na | H13: =IFERROR(H9/H6*-1,"na") -> 0.34951206 | I13: =IFERROR(I9/I6*-1,"na") -> 0.26127825 | J13: =IFERROR(J9/J6*-1,"na") -> 0.18433957 | K13: =IFERROR(K9/K6*-1,"na") -> 0.17076383 | L13: =IFERROR(L9/L6*-1,"na") -> 0.15733228 | M13: =IFERROR(M9/M6*-1,"na") -> 0.14407 | ... AA13: =IFERROR(AA9/AA6*-1,"na") -> 0.0019783521
B14: Disallowed int as a % of EBITDA | C14: Limit | D14: ='Assumptions and Outputs'!D57 -> 0.3 | F14: =IFERROR(MAX(F13-$D$14,0),"na") -> na | G14: =IFERROR(MAX(G13-$D$14,0),"na") -> na | H14: =IFERROR(MAX(H13-$D$14,0),"na") -> 0.049512061 | I14: =IFERROR(MAX(I13-$D$14,0),"na") -> 0 | J14: =IFERROR(MAX(J13-$D$14,0),"na") -> 0 | K14: =IFERROR(MAX(K13-$D$14,0),"na") -> 0 | L14: =IFERROR(MAX(L13-$D$14,0),"na") -> 0 | M14: =IFERROR(MAX(M13-$D$14,0),"na") -> 0 | ... AA14: =IFERROR(MAX(AA13-$D$14,0),"na") -> 0
B15: Extra interest up to allowance | C15: Limit | D15: ='Assumptions and Outputs'!D57 -> 0.3 | F15: =IFERROR(MIN(F13-$D$14,0)*-1,"na") -> na | G15: =IFERROR(MIN(G13-$D$14,0)*-1,"na") -> na | H15: =IFERROR(MIN(H13-$D$14,0)*-1,"na") -> 0 | I15: =IFERROR(MIN(I13-$D$14,0)*-1,"na") -> 0.038721753 | J15: =IFERROR(MIN(J13-$D$14,0)*-1,"na") -> 0.11566043 | K15: =IFERROR(MIN(K13-$D$14,0)*-1,"na") -> 0.12923617 | L15: =IFERROR(MIN(L13-$D$14,0)*-1,"na") -> 0.14266772 | M15: =IFERROR(MIN(M13-$D$14,0)*-1,"na") -> 0.15593 | ... AA15: =IFERROR(MIN(AA13-$D$14,0)*-1,"na") -> 0.29802165
B17: Disallowed int beginning | F17: =E20 -> 0 | G17: =F20 -> 0 | H17: =G20 -> 0 | I17: =H20 -> 812.63283 | J17: =I20 -> 0 | K17: =J20 -> 0 | L17: =K20 -> 0 | M17: =L20 -> 0 | ... AA17: =Z20 -> 0
B18: Disallowed in year | F18: =IFERROR(F14*F6,0) -> 0 | G18: =IFERROR(G14*G6,0) -> 0 | H18: =IFERROR(H14*H6,0) -> 812.63283 | I18: =IFERROR(I14*I6,0) -> 0 | J18: =IFERROR(J14*J6,0) -> 0 | K18: =IFERROR(K14*K6,0) -> 0 | L18: =IFERROR(L14*L6,0) -> 0 | M18: =IFERROR(M14*M6,0) -> 0 | ... AA18: =IFERROR(AA14*AA6,0) -> 0
B19: Used in year | F19: =IFERROR(IF(F17>0,MIN(F17,F15*F6)*-1,0),0) -> 0 | G19: =IFERROR(IF(G17>0,MIN(G17,G15*G6)*-1,0),0) -> 0 | H19: =IFERROR(IF(H17>0,MIN(H17,H15*H6)*-1,0),0) -> 0 | I19: =IFERROR(IF(I17>0,MIN(I17,I15*I6)*-1,0),0) -> -812.63283 | J19: =IFERROR(IF(J17>0,MIN(J17,J15*J6)*-1,0),0) -> 0 | K19: =IFERROR(IF(K17>0,MIN(K17,K15*K6)*-1,0),0) -> 0 | L19: =IFERROR(IF(L17>0,MIN(L17,L15*L6)*-1,0),0) -> 0 | M19: =IFERROR(IF(M17>0,MIN(M17,M15*M6)*-1,0),0) -> 0 | ... AA19: =IFERROR(IF(AA17>0,MIN(AA17,AA15*AA6)*-1,0),0) -> 0
B20: Disallowed int ending | E20: 0 | F20: =SUM(F17:F19) -> 0 | G20: =SUM(G17:G19) -> 0 | H20: =SUM(H17:H19) -> 812.63283 | I20: =SUM(I17:I19) -> 0 | J20: =SUM(J17:J19) -> 0 | K20: =SUM(K17:K19) -> 0 | L20: =SUM(L17:L19) -> 0 | M20: =SUM(M17:M19) -> 0 | ... AA20: =SUM(AA17:AA19) -> 0
A22: Net operating losses (NOLs)
B23: PBT | F23: =F10 -> 0 | G23: =G10 -> 28.664487 | H23: =H10 -> -1184.7617 | I23: =I10 -> 4395.6401 | J23: =J10 -> 12810.397 | K23: =K10 -> 13481.559 | L23: =L10 -> 14179.708 | M23: =M10 -> 14905.926 | ... AA23: =AA10 -> 22982.925
B24: Thin capitalisation adjustment | F24: =SUM(F18:F19) -> 0 | G24: =SUM(G18:G19) -> 0 | H24: =SUM(H18:H19) -> 812.63283 | I24: =SUM(I18:I19) -> -812.63283 | J24: =SUM(J18:J19) -> 0 | K24: =SUM(K18:K19) -> 0 | L24: =SUM(L18:L19) -> 0 | M24: =SUM(M18:M19) -> 0 | ... AA24: =SUM(AA18:AA19) -> 0
B25: Taxable profits before NOLs | F25: =SUM(F23:F24) -> 0 | G25: =SUM(G23:G24) -> 28.664487 | H25: =SUM(H23:H24) -> -372.12884 | I25: =SUM(I23:I24) -> 3583.0072 | J25: =SUM(J23:J24) -> 12810.397 | K25: =SUM(K23:K24) -> 13481.559 | L25: =SUM(L23:L24) -> 14179.708 | M25: =SUM(M23:M24) -> 14905.926 | ... AA25: =SUM(AA23:AA24) -> 22982.925
B27: NOL carry fwd beginning | F27: =E30 -> 0 | G27: =F30 -> 0 | H27: =G30 -> 0 | I27: =H30 -> 372.12884 | J27: =I30 -> 0 | K27: =J30 -> 0 | L27: =K30 -> 0 | M27: =L30 -> 0 | ... AA27: =Z30 -> 0
B28: NOL created in year | F28: =MIN(F25,0)*-1 -> 0 | G28: =MIN(G25,0)*-1 -> 0 | H28: =MIN(H25,0)*-1 -> 372.12884 | I28: =MIN(I25,0)*-1 -> 0 | J28: =MIN(J25,0)*-1 -> 0 | K28: =MIN(K25,0)*-1 -> 0 | L28: =MIN(L25,0)*-1 -> 0 | M28: =MIN(M25,0)*-1 -> 0 | ... AA28: =MIN(AA25,0)*-1 -> 0
B29: NOL used in year | F29: =IF(F25>0,MIN(F25,F27)*-1,0) -> 0 | G29: =IF(G25>0,MIN(G25,G27)*-1,0) -> 0 | H29: =IF(H25>0,MIN(H25,H27)*-1,0) -> 0 | I29: =IF(I25>0,MIN(I25,I27)*-1,0) -> -372.12884 | J29: =IF(J25>0,MIN(J25,J27)*-1,0) -> 0 | K29: =IF(K25>0,MIN(K25,K27)*-1,0) -> 0 | L29: =IF(L25>0,MIN(L25,L27)*-1,0) -> 0 | M29: =IF(M25>0,MIN(M25,M27)*-1,0) -> 0 | ... AA29: =IF(AA25>0,MIN(AA25,AA27)*-1,0) -> 0
B30: NOL carry fwd ending | E30: 0 | F30: =SUM(F27:F29) -> 0 | G30: =SUM(G27:G29) -> 0 | H30: =SUM(H27:H29) -> 372.12884 | I30: =SUM(I27:I29) -> 0 | J30: =SUM(J27:J29) -> 0 | K30: =SUM(K27:K29) -> 0 | L30: =SUM(L27:L29) -> 0 | M30: =SUM(M27:M29) -> 0 | ... AA30: =SUM(AA27:AA29) -> 0
A32: Taxable profits
B33: Profit before tax | F33: =F10 -> 0 | G33: =G10 -> 28.664487 | H33: =H10 -> -1184.7617 | I33: =I10 -> 4395.6401 | J33: =J10 -> 12810.397 | K33: =K10 -> 13481.559 | L33: =L10 -> 14179.708 | M33: =M10 -> 14905.926 | ... AA33: =AA10 -> 22982.925
B34: Thin capitalisation adjustment | F34: =SUM(F18:F19) -> 0 | G34: =SUM(G18:G19) -> 0 | H34: =SUM(H18:H19) -> 812.63283 | I34: =SUM(I18:I19) -> -812.63283 | J34: =SUM(J18:J19) -> 0 | K34: =SUM(K18:K19) -> 0 | L34: =SUM(L18:L19) -> 0 | M34: =SUM(M18:M19) -> 0 | ... AA34: =SUM(AA18:AA19) -> 0
B35: NOL adjustment | F35: =SUM(F28:F29) -> 0 | G35: =SUM(G28:G29) -> 0 | H35: =SUM(H28:H29) -> 372.12884 | I35: =SUM(I28:I29) -> -372.12884 | J35: =SUM(J28:J29) -> 0 | K35: =SUM(K28:K29) -> 0 | L35: =SUM(L28:L29) -> 0 | M35: =SUM(M28:M29) -> 0 | ... AA35: =SUM(AA28:AA29) -> 0
B36: Taxable profit | F36: =SUM(F33:F35) -> 0 | G36: =SUM(G33:G35) -> 28.664487 | H36: =SUM(H33:H35) -> 0 | I36: =SUM(I33:I35) -> 3210.8784 | J36: =SUM(J33:J35) -> 12810.397 | K36: =SUM(K33:K35) -> 13481.559 | L36: =SUM(L33:L35) -> 14179.708 | M36: =SUM(M33:M35) -> 14905.926 | ... AA36: =SUM(AA33:AA35) -> 22982.925
B37: Tax expense | C37: Tax rate | D37: ='Assumptions and Outputs'!D56 -> 0.25 | F37: =$D$37*F36 -> 0 | G37: =$D$37*G36 -> 7.1661219 | H37: =$D$37*H36 -> 0 | I37: =$D$37*I36 -> 802.71959 | J37: =$D$37*J36 -> 3202.5993 | K37: =$D$37*K36 -> 3370.3896 | L37: =$D$37*L36 -> 3544.9271 | M37: =$D$37*M36 -> 3726.4814 | ... AA37: =$D$37*AA36 -> 5745.7313
A39: Profit after tax
B40: Profit before tax | F40: =F10 -> 0 | G40: =G10 -> 28.664487 | H40: =H10 -> -1184.7617 | I40: =I10 -> 4395.6401 | J40: =J10 -> 12810.397 | K40: =K10 -> 13481.559 | L40: =L10 -> 14179.708 | M40: =M10 -> 14905.926 | ... AA40: =AA10 -> 22982.925
B41: Tax expense | F41: =F37*-1 -> 0 | G41: =G37*-1 -> -7.1661219 | H41: =H37*-1 -> 0 | I41: =I37*-1 -> -802.71959 | J41: =J37*-1 -> -3202.5993 | K41: =K37*-1 -> -3370.3896 | L41: =L37*-1 -> -3544.9271 | M41: =M37*-1 -> -3726.4814 | ... AA41: =AA37*-1 -> -5745.7313
B42: Net income | F42: =SUM(F40:F41) -> 0 | G42: =SUM(G40:G41) -> 21.498366 | H42: =SUM(H40:H41) -> -1184.7617 | I42: =SUM(I40:I41) -> 3592.9205 | J42: =SUM(J40:J41) -> 9607.7979 | K42: =SUM(K40:K41) -> 10111.169 | L42: =SUM(L40:L41) -> 10634.781 | M42: =SUM(M40:M41) -> 11179.444 | ... AA42: =SUM(AA40:AA41) -> 17237.194
A44: Tax payable
B45: Tax paid on profits made in year | D45: ='Assumptions and Outputs'!D58 -> 0.5 | F45: =$D$45*F41 -> 0 | G45: =$D$45*G41 -> -3.5830609 | H45: =$D$45*H41 -> 0 | I45: =$D$45*I41 -> -401.3598 | J45: =$D$45*J41 -> -1601.2997 | K45: =$D$45*K41 -> -1685.1948 | L45: =$D$45*L41 -> -1772.4635 | M45: =$D$45*M41 -> -1863.2407 | ... AA45: =$D$45*AA41 -> -2872.8656
B46: Tax payable | D46: ='Assumptions and Outputs'!D59 -> 0.5 | F46: =$D$46*F41*-1 -> 0 | G46: =$D$46*G41*-1 -> 3.5830609 | H46: =$D$46*H41*-1 -> 0 | I46: =$D$46*I41*-1 -> 401.3598 | J46: =$D$46*J41*-1 -> 1601.2997 | K46: =$D$46*K41*-1 -> 1685.1948 | L46: =$D$46*L41*-1 -> 1772.4635 | M46: =$D$46*M41*-1 -> 1863.2407 | ... AA46: =$D$46*AA41*-1 -> 2872.8656
B48: Tax cashflow on profits made in year | F48: =F45 -> 0 | G48: =G45 -> -3.5830609 | H48: =H45 -> 0 | I48: =I45 -> -401.3598 | J48: =J45 -> -1601.2997 | K48: =K45 -> -1685.1948 | L48: =L45 -> -1772.4635 | M48: =M45 -> -1863.2407 | ... AA48: =AA45 -> -2872.8656
B49: Tax cashflow on last year's payable | F49: =E46*-1 -> 0 | G49: =F46*-1 -> 0 | H49: =G46*-1 -> -3.5830609 | I49: =H46*-1 -> 0 | J49: =I46*-1 -> -401.3598 | K49: =J46*-1 -> -1601.2997 | L49: =K46*-1 -> -1685.1948 | M49: =L46*-1 -> -1772.4635 | ... AA49: =Z46*-1 -> -2716.302
B50: Total tax cashflow | F50: =SUM(F48:F49) -> 0 | G50: =SUM(G48:G49) -> -3.5830609 | H50: =SUM(H48:H49) -> -3.5830609 | I50: =SUM(I48:I49) -> -401.3598 | J50: =SUM(J48:J49) -> -2002.6595 | K50: =SUM(K48:K49) -> -3286.4945 | L50: =SUM(L48:L49) -> -3457.6583 | M50: =SUM(M48:M49) -> -3635.7043 | ... AA50: =SUM(AA48:AA49) -> -5589.1677
L51: =IF(ISBLANK(K51),"",_xlfn.FORMULATEXT(K51))
A52: End | L52: =IF(ISBLANK(K52),"",_xlfn.FORMULATEXT(K52))
L53: =IF(ISBLANK(K53),"",_xlfn.FORMULATEXT(K53))
L54: =IF(ISBLANK(K54),"",_xlfn.FORMULATEXT(K54))
L55: =IF(ISBLANK(K55),"",_xlfn.FORMULATEXT(K55))
L56: =IF(ISBLANK(K56),"",_xlfn.FORMULATEXT(K56))
L57: =IF(ISBLANK(K57),"",_xlfn.FORMULATEXT(K57))

Sheet Balance sheet
A1: =Info!A1 -> Renewable Energy Modeling
A2: =RIGHT(CELL("filename",A1),LEN(CELL("filename",A1))-SEARCH("]",CELL("filename", A1))) -> Balance sheet | C2: Input | D2: Input | F2: ='Assumptions and Outputs'!D11 -> 55153 | G2: =EDATE(F2,12) -> 55518 | H2: =EDATE(G2,12) -> 55884 | I2: =EDATE(H2,12) -> 56249 | J2: =EDATE(I2,12) -> 56614 | K2: =EDATE(J2,12) -> 56979 | L2: =EDATE(K2,12) -> 57345 | M2: =EDATE(L2,12) -> 57710 | N2: =EDATE(M2,12) -> 58075 | ... AA2: =EDATE(Z2,12) -> 62823
B3: ="all in "&Local_currency&" 000s unless stated" -> all in GBP 000s unless stated | L3: =IF(ISBLANK(K3),"",_xlfn.FORMULATEXT(K3))
L4: =IF(ISBLANK(K4),"",_xlfn.FORMULATEXT(K4))
A5: Balance sheet calculations | L5: =IF(ISBLANK(K5),"",_xlfn.FORMULATEXT(K5))
B6: Beginning retained earnings | F6: =E9 -> 0 | G6: =F9 -> 0 | H6: =G9 -> 21.498366 | I6: =H9 -> -12646.577 | J6: =I9 -> -17080.003 | K6: =J9 -> -22204.841 | L6: =K9 -> -26904.63 | M6: =L9 -> -31609.393 | ... AA6: =Z9 -> -114447.38
B7: Net income | F7: ='P&L and Tax'!F42 -> 0 | G7: ='P&L and Tax'!G42 -> 21.498366 | H7: ='P&L and Tax'!H42 -> -1184.7617 | I7: ='P&L and Tax'!I42 -> 3592.9205 | J7: ='P&L and Tax'!J42 -> 9607.7979 | K7: ='P&L and Tax'!K42 -> 10111.169 | L7: ='P&L and Tax'!L42 -> 10634.781 | M7: ='P&L and Tax'!M42 -> 11179.444 | ... AA7: ='P&L and Tax'!AA42 -> 17237.194
B8: Dividends | F8: =Debt!F47 -> 0 | G8: =Debt!G47 -> 0 | H8: =Debt!H47 -> -11483.314 | I8: =Debt!I47 -> -8026.3464 | J8: =Debt!J47 -> -14732.635 | K8: =Debt!K47 -> -14810.959 | L8: =Debt!L47 -> -15339.544 | M8: =Debt!M47 -> -15889.378 | ... AA8: =Debt!AA47 -> -29478.828
B9: Ending retained earnings | E9: 0 | F9: =SUM(F6:F8) -> 0 | G9: =SUM(G6:G8) -> 21.498366 | H9: =SUM(H6:H8) -> -12646.577 | I9: =SUM(I6:I8) -> -17080.003 | J9: =SUM(J6:J8) -> -22204.841 | K9: =SUM(K6:K8) -> -26904.63 | L9: =SUM(L6:L8) -> -31609.393 | M9: =SUM(M6:M8) -> -36319.327 | ... AA9: =SUM(AA6:AA8) -> -126689.02
A11: Balance sheet
B12: Cash | F12: ='Cashflow statement'!F23 -> 0 | G12: ='Cashflow statement'!G23 -> 5761.562 | H12: ='Cashflow statement'!H23 -> 5793.8274 | I12: ='Cashflow statement'!I23 -> 13384.234 | J12: ='Cashflow statement'!J23 -> 13065.457 | K12: ='Cashflow statement'!K23 -> 12707.143 | L12: ='Cashflow statement'!L23 -> 12348.828 | M12: ='Cashflow statement'!M23 -> 11990.514 | ... AA12: ='Cashflow statement'!AA23 -> 10.516881
B13: Receivables | C13: ='Assumptions and Outputs'!C62 -> Days | D13: ='Assumptions and Outputs'!D62 -> 30 | F13: =$D$13/'Assumptions and Outputs'!$D$20*Operations!F42 -> 0 | G13: =$D$13/'Assumptions and Outputs'!$D$20*Operations!G42 -> 0 | H13: =$D$13/'Assumptions and Outputs'!$D$20*Operations!H42 -> 3483.4693 | I13: =$D$13/'Assumptions and Outputs'!$D$20*Operations!I42 -> 4098.6044 | J13: =$D$13/'Assumptions and Outputs'!$D$20*Operations!J42 -> 4864.4526 | K13: =$D$13/'Assumptions and Outputs'!$D$20*Operations!K42 -> 4986.1816 | L13: =$D$13/'Assumptions and Outputs'!$D$20*Operations!L42 -> 5113.9461 | M13: =$D$13/'Assumptions and Outputs'!$D$20*Operations!M42 -> 5247.9876 | ... AA13: =$D$13/'Assumptions and Outputs'!$D$20*Operations!AA42 -> 7520.7453
B14: PPE | F14: ='Sources and Uses'!F51 -> 44561.92 | G14: ='Sources and Uses'!G51 -> 238369.08 | H14: ='Sources and Uses'!H51 -> 226450.62 | I14: ='Sources and Uses'!I51 -> 214532.17 | J14: ='Sources and Uses'!J51 -> 202613.71 | K14: ='Sources and Uses'!K51 -> 190695.26 | L14: ='Sources and Uses'!L51 -> 178776.81 | M14: ='Sources and Uses'!M51 -> 166858.35 | ... AA14: ='Sources and Uses'!AA51 -> 0
B15: Total assets | F15: =SUM(F12:F14) -> 44561.92 | G15: =SUM(G12:G14) -> 244130.64 | H15: =SUM(H12:H14) -> 235727.92 | I15: =SUM(I12:I14) -> 232015.01 | J15: =SUM(J12:J14) -> 220543.62 | K15: =SUM(K12:K14) -> 208388.58 | L15: =SUM(L12:L14) -> 196239.58 | M15: =SUM(M12:M14) -> 184096.85 | ... AA15: =SUM(AA12:AA14) -> 7531.2622
B17: Tax payable | F17: ='P&L and Tax'!F46 -> 0 | G17: ='P&L and Tax'!G46 -> 3.5830609 | H17: ='P&L and Tax'!H46 -> 0 | I17: ='P&L and Tax'!I46 -> 401.3598 | J17: ='P&L and Tax'!J46 -> 1601.2997 | K17: ='P&L and Tax'!K46 -> 1685.1948 | L17: ='P&L and Tax'!L46 -> 1772.4635 | M17: ='P&L and Tax'!M46 -> 1863.2407 | ... AA17: ='P&L and Tax'!AA46 -> 2872.8656
B18: Trade payables | C18: ='Assumptions and Outputs'!C63 -> Days | D18: ='Assumptions and Outputs'!D63 -> 60 | F18: =$D$18/'Assumptions and Outputs'!$D$20*Operations!F47*-1 -> 0 | G18: =$D$18/'Assumptions and Outputs'!$D$20*Operations!G47*-1 -> 0 | H18: =$D$18/'Assumptions and Outputs'!$D$20*Operations!H47*-1 -> 4268.9399 | I18: =$D$18/'Assumptions and Outputs'!$D$20*Operations!I47*-1 -> 4588.0942 | J18: =$D$18/'Assumptions and Outputs'!$D$20*Operations!J47*-1 -> 4771.618 | K18: =$D$18/'Assumptions and Outputs'!$D$20*Operations!K47*-1 -> 4962.4827 | L18: =$D$18/'Assumptions and Outputs'!$D$20*Operations!L47*-1 -> 5160.982 | M18: =$D$18/'Assumptions and Outputs'!$D$20*Operations!M47*-1 -> 5367.4213 | ... AA18: =$D$18/'Assumptions and Outputs'!$D$20*Operations!AA47*-1 -> 9294.6371
B19: Senior debt | F19: =Debt!F24 -> 0 | G19: =Debt!G24 -> 85436.944 | H19: =Debt!H24 -> 85436.944 | I19: =Debt!I24 -> 85436.944 | J19: =Debt!J24 -> 79741.148 | K19: =Debt!K24 -> 74045.352 | L19: =Debt!L24 -> 68349.556 | M19: =Debt!M24 -> 62653.759 | ... AA19: =Debt!AA24 -> 0
B20: Junior debt | F20: =Debt!F32 -> 0 | G20: =Debt!G32 -> 36615.833 | H20: =Debt!H32 -> 36615.833 | I20: =Debt!I32 -> 36615.833 | J20: =Debt!J32 -> 34581.62 | K20: =Debt!K32 -> 32547.407 | L20: =Debt!L32 -> 30513.194 | M20: =Debt!M32 -> 28478.981 | ... AA20: =Debt!AA32 -> 0
B21: Total liabilities | F21: =SUM(F17:F20) -> 0 | G21: =SUM(G17:G20) -> 122056.36 | H21: =SUM(H17:H20) -> 126321.72 | I21: =SUM(I17:I20) -> 127042.23 | J21: =SUM(J17:J20) -> 120695.69 | K21: =SUM(K17:K20) -> 113240.44 | L21: =SUM(L17:L20) -> 105796.2 | M21: =SUM(M17:M20) -> 98363.403 | ... AA21: =SUM(AA17:AA20) -> 12167.503
B23: Equity | F23: ='Sources and Uses'!F61 -> 44561.92 | G23: ='Sources and Uses'!G61 -> 122052.78 | H23: ='Sources and Uses'!H61 -> 122052.78 | I23: ='Sources and Uses'!I61 -> 122052.78 | J23: ='Sources and Uses'!J61 -> 122052.78 | K23: ='Sources and Uses'!K61 -> 122052.78 | L23: ='Sources and Uses'!L61 -> 122052.78 | M23: ='Sources and Uses'!M61 -> 122052.78 | ... AA23: ='Sources and Uses'!AA61 -> 122052.78
B24: Retained earnings | F24: =F9 -> 0 | G24: =G9 -> 21.498366 | H24: =H9 -> -12646.577 | I24: =I9 -> -17080.003 | J24: =J9 -> -22204.841 | K24: =K9 -> -26904.63 | L24: =L9 -> -31609.393 | M24: =M9 -> -36319.327 | ... AA24: =AA9 -> -126689.02
B25: Total liabilities and equity | F25: =F21+SUM(F23:F24) -> 44561.92 | G25: =G21+SUM(G23:G24) -> 244130.64 | H25: =H21+SUM(H23:H24) -> 235727.92 | I25: =I21+SUM(I23:I24) -> 232015.01 | J25: =J21+SUM(J23:J24) -> 220543.62 | K25: =K21+SUM(K23:K24) -> 208388.58 | L25: =L21+SUM(L23:L24) -> 196239.58 | M25: =M21+SUM(M23:M24) -> 184096.85 | ... AA25: =AA21+SUM(AA23:AA24) -> 7531.2622
B27: Check | F27: =F25-F15 -> 0 | G27: =G25-G15 -> 0 | H27: =H25-H15 -> 0 | I27: =I25-I15 -> 0 | J27: =J25-J15 -> 0 | K27: =K25-K15 -> 0 | L27: =L25-L15 -> 0 | M27: =M25-M15 -> 0 | ... AA27: =AA25-AA15 -> 1.1823431e-10
L28: =IF(ISBLANK(K28),"",_xlfn.FORMULATEXT(K28))
A29: End | L29: =IF(ISBLANK(K29),"",_xlfn.FORMULATEXT(K29))
L30: =IF(ISBLANK(K30),"",_xlfn.FORMULATEXT(K30))
L31: =IF(ISBLANK(K31),"",_xlfn.FORMULATEXT(K31))
L32: =IF(ISBLANK(K32),"",_xlfn.FORMULATEXT(K32))
L33: =IF(ISBLANK(K33),"",_xlfn.FORMULATEXT(K33))
L34: =IF(ISBLANK(K34),"",_xlfn.FORMULATEXT(K34))
L35: =IF(ISBLANK(K35),"",_xlfn.FORMULATEXT(K35))
L36: =IF(ISBLANK(K36),"",_xlfn.FORMULATEXT(K36))
L37: =IF(ISBLANK(K37),"",_xlfn.FORMULATEXT(K37))
L38: =IF(ISBLANK(K38),"",_xlfn.FORMULATEXT(K38))
L39: =IF(ISBLANK(K39),"",_xlfn.FORMULATEXT(K39))

Sheet Cashflow statement
A1: =Info!A1 -> Renewable Energy Modeling
A2: =RIGHT(CELL("filename",A1),LEN(CELL("filename",A1))-SEARCH("]",CELL("filename", A1))) -> Cashflow statement | C2: Input | D2: Input | F2: ='Assumptions and Outputs'!D11 -> 55153 | G2: =EDATE(F2,12) -> 55518 | H2: =EDATE(G2,12) -> 55884 | I2: =EDATE(H2,12) -> 56249 | J2: =EDATE(I2,12) -> 56614 | K2: =EDATE(J2,12) -> 56979 | L2: =EDATE(K2,12) -> 57345 | M2: =EDATE(L2,12) -> 57710 | N2: =EDATE(M2,12) -> 58075 | ... AA2: =EDATE(Z2,12) -> 62823
B3: ="all in "&Local_currency&" 000s unless stated" -> all in GBP 000s unless stated | L3: =IF(ISBLANK(K3),"",_xlfn.FORMULATEXT(K3))
L4: =IF(ISBLANK(K4),"",_xlfn.FORMULATEXT(K4))
B5: Net income | F5: ='P&L and Tax'!F42 -> 0 | G5: ='P&L and Tax'!G42 -> 21.498366 | H5: ='P&L and Tax'!H42 -> -1184.7617 | I5: ='P&L and Tax'!I42 -> 3592.9205 | J5: ='P&L and Tax'!J42 -> 9607.7979 | K5: ='P&L and Tax'!K42 -> 10111.169 | L5: ='P&L and Tax'!L42 -> 10634.781 | M5: ='P&L and Tax'!M42 -> 11179.444 | ... AA5: ='P&L and Tax'!AA42 -> 17237.194
B6: Depreciation | F6: ='Sources and Uses'!F50*-1 -> 0 | G6: ='Sources and Uses'!G50*-1 -> 0 | H6: ='Sources and Uses'!H50*-1 -> 11918.454 | I6: ='Sources and Uses'!I50*-1 -> 11918.454 | J6: ='Sources and Uses'!J50*-1 -> 11918.454 | K6: ='Sources and Uses'!K50*-1 -> 11918.454 | L6: ='Sources and Uses'!L50*-1 -> 11918.454 | M6: ='Sources and Uses'!M50*-1 -> 11918.454 | ... AA6: ='Sources and Uses'!AA50*-1 -> 11918.454
B7: ="Change in "&'Balance sheet'!B13 -> Change in Receivables | F7: ='Balance sheet'!E13-'Balance sheet'!F13 -> 0 | G7: ='Balance sheet'!F13-'Balance sheet'!G13 -> 0 | H7: ='Balance sheet'!G13-'Balance sheet'!H13 -> -3483.4693 | I7: ='Balance sheet'!H13-'Balance sheet'!I13 -> -615.13505 | J7: ='Balance sheet'!I13-'Balance sheet'!J13 -> -765.84828 | K7: ='Balance sheet'!J13-'Balance sheet'!K13 -> -121.72898 | L7: ='Balance sheet'!K13-'Balance sheet'!L13 -> -127.7645 | M7: ='Balance sheet'!L13-'Balance sheet'!M13 -> -134.04143 | ... AA7: ='Balance sheet'!Z13-'Balance sheet'!AA13 -> -271.24089
B8: ="Change in "&'Balance sheet'!B18 -> Change in Trade payables | F8: ='Balance sheet'!F18-'Balance sheet'!E18 -> 0 | G8: ='Balance sheet'!G18-'Balance sheet'!F18 -> 0 | H8: ='Balance sheet'!H18-'Balance sheet'!G18 -> 4268.9399 | I8: ='Balance sheet'!I18-'Balance sheet'!H18 -> 319.15438 | J8: ='Balance sheet'!J18-'Balance sheet'!I18 -> 183.52377 | K8: ='Balance sheet'!K18-'Balance sheet'!J18 -> 190.86472 | L8: ='Balance sheet'!L18-'Balance sheet'!K18 -> 198.49931 | M8: ='Balance sheet'!M18-'Balance sheet'!L18 -> 206.43928 | ... AA8: ='Balance sheet'!AA18-'Balance sheet'!Z18 -> 357.48604
B9: ="Change in "&'Balance sheet'!B17 -> Change in Tax payable | F9: ='Balance sheet'!F17-'Balance sheet'!E17 -> 0 | G9: ='Balance sheet'!G17-'Balance sheet'!F17 -> 3.5830609 | H9: ='Balance sheet'!H17-'Balance sheet'!G17 -> -3.5830609 | I9: ='Balance sheet'!I17-'Balance sheet'!H17 -> 401.3598 | J9: ='Balance sheet'!J17-'Balance sheet'!I17 -> 1199.9399 | K9: ='Balance sheet'!K17-'Balance sheet'!J17 -> 83.895164 | L9: ='Balance sheet'!L17-'Balance sheet'!K17 -> 87.268709 | M9: ='Balance sheet'!M17-'Balance sheet'!L17 -> 90.777196 | ... AA9: ='Balance sheet'!AA17-'Balance sheet'!Z17 -> 156.56359
B10: Operating cashflows | F10: =SUM(F5:F9) -> 0 | G10: =SUM(G5:G9) -> 25.081427 | H10: =SUM(H5:H9) -> 11515.58 | I10: =SUM(I5:I9) -> 15616.753 | J10: =SUM(J5:J9) -> 22143.867 | K10: =SUM(K5:K9) -> 22182.654 | L10: =SUM(L5:L9) -> 22711.238 | M10: =SUM(M5:M9) -> 23261.073 | ... AA10: =SUM(AA5:AA9) -> 29398.456
B12: Capex | F12: ='Sources and Uses'!F49*-1 -> -44561.92 | G12: ='Sources and Uses'!G49*-1 -> -193807.16 | H12: ='Sources and Uses'!H49*-1 -> 0 | I12: ='Sources and Uses'!I49*-1 -> 0 | J12: ='Sources and Uses'!J49*-1 -> 0 | K12: ='Sources and Uses'!K49*-1 -> 0 | L12: ='Sources and Uses'!L49*-1 -> 0 | M12: ='Sources and Uses'!M49*-1 -> 0 | ... AA12: ='Sources and Uses'!AA49*-1 -> 0
B13: Investing cashflows | F13: =SUM(F12) -> -44561.92 | G13: =SUM(G12) -> -193807.16 | H13: =SUM(H12) -> 0 | I13: =SUM(I12) -> 0 | J13: =SUM(J12) -> 0 | K13: =SUM(K12) -> 0 | L13: =SUM(L12) -> 0 | M13: =SUM(M12) -> 0 | ... AA13: =SUM(AA12) -> 0
B15: Senior debt issuance/repayment | F15: =Debt!F24-Debt!E24 -> 0 | G15: =Debt!G24-Debt!F24 -> 85436.944 | H15: =Debt!H24-Debt!G24 -> 0 | I15: =Debt!I24-Debt!H24 -> 0 | J15: =Debt!J24-Debt!I24 -> -5695.7963 | K15: =Debt!K24-Debt!J24 -> -5695.7963 | L15: =Debt!L24-Debt!K24 -> -5695.7963 | M15: =Debt!M24-Debt!L24 -> -5695.7963 | ... AA15: =Debt!AA24-Debt!Z24 -> 0
B16: Junior debt issuance/repayment | F16: =Debt!F32-Debt!E32 -> 0 | G16: =Debt!G32-Debt!F32 -> 36615.833 | H16: =Debt!H32-Debt!G32 -> 0 | I16: =Debt!I32-Debt!H32 -> 0 | J16: =Debt!J32-Debt!I32 -> -2034.213 | K16: =Debt!K32-Debt!J32 -> -2034.213 | L16: =Debt!L32-Debt!K32 -> -2034.213 | M16: =Debt!M32-Debt!L32 -> -2034.213 | ... AA16: =Debt!AA32-Debt!Z32 -> -2034.213
B17: Equity issuance | F17: ='Sources and Uses'!F60 -> 44561.92 | G17: ='Sources and Uses'!G60 -> 77490.858 | H17: ='Sources and Uses'!H60 -> 0 | I17: ='Sources and Uses'!I60 -> 0 | J17: ='Sources and Uses'!J60 -> 0 | K17: ='Sources and Uses'!K60 -> 0 | L17: ='Sources and Uses'!L60 -> 0 | M17: ='Sources and Uses'!M60 -> 0 | ... AA17: ='Sources and Uses'!AA60 -> 0
B18: Dividends | F18: =Debt!F47 -> 0 | G18: =Debt!G47 -> 0 | H18: =Debt!H47 -> -11483.314 | I18: =Debt!I47 -> -8026.3464 | J18: =Debt!J47 -> -14732.635 | K18: =Debt!K47 -> -14810.959 | L18: =Debt!L47 -> -15339.544 | M18: =Debt!M47 -> -15889.378 | ... AA18: =Debt!AA47 -> -29478.828
B19: Financing cashflows | F19: =SUM(F15:F18) -> 44561.92 | G19: =SUM(G15:G18) -> 199543.64 | H19: =SUM(H15:H18) -> -11483.314 | I19: =SUM(I15:I18) -> -8026.3464 | J19: =SUM(J15:J18) -> -22462.644 | K19: =SUM(K15:K18) -> -22540.968 | L19: =SUM(L15:L18) -> -23069.553 | M19: =SUM(M15:M18) -> -23619.388 | ... AA19: =SUM(AA15:AA18) -> -31513.041
B21: Opening cash | F21: =E23 -> 0 | G21: =F23 -> 0 | H21: =G23 -> 5761.562 | I21: =H23 -> 5793.8274 | J21: =I23 -> 13384.234 | K21: =J23 -> 13065.457 | L21: =K23 -> 12707.143 | M21: =L23 -> 12348.828 | ... AA21: =Z23 -> 2125.1016
B22: Net cashflow | F22: =F10+F13+F19 -> 0 | G22: =G10+G13+G19 -> 5761.562 | H22: =H10+H13+H19 -> 32.265464 | I22: =I10+I13+I19 -> 7590.4069 | J22: =J10+J13+J19 -> -318.77745 | K22: =K10+K13+K19 -> -358.31441 | L22: =L10+L13+L19 -> -358.31441 | M22: =M10+M13+M19 -> -358.31441 | ... AA22: =AA10+AA13+AA19 -> -2114.5847
B23: Ending cash | E23: 0 | F23: =SUM(F21:F22) -> 0 | G23: =SUM(G21:G22) -> 5761.562 | H23: =SUM(H21:H22) -> 5793.8274 | I23: =SUM(I21:I22) -> 13384.234 | J23: =SUM(J21:J22) -> 13065.457 | K23: =SUM(K21:K22) -> 12707.143 | L23: =SUM(L21:L22) -> 12348.828 | M23: =SUM(M21:M22) -> 11990.514 | ... AA23: =SUM(AA21:AA22) -> 10.516881
L24: =IF(ISBLANK(K24),"",_xlfn.FORMULATEXT(K24))
A25: End | L25: =IF(ISBLANK(K25),"",_xlfn.FORMULATEXT(K25))
L26: =IF(ISBLANK(K26),"",_xlfn.FORMULATEXT(K26))
L27: =IF(ISBLANK(K27),"",_xlfn.FORMULATEXT(K27))
L28: =IF(ISBLANK(K28),"",_xlfn.FORMULATEXT(K28))
L29: =IF(ISBLANK(K29),"",_xlfn.FORMULATEXT(K29))
L30: =IF(ISBLANK(K30),"",_xlfn.FORMULATEXT(K30))
L31: =IF(ISBLANK(K31),"",_xlfn.FORMULATEXT(K31))
L32: =IF(ISBLANK(K32),"",_xlfn.FORMULATEXT(K32))
L33: =IF(ISBLANK(K33),"",_xlfn.FORMULATEXT(K33))
L34: =IF(ISBLANK(K34),"",_xlfn.FORMULATEXT(K34))
L35: =IF(ISBLANK(K35),"",_xlfn.FORMULATEXT(K35))
L36: =IF(ISBLANK(K36),"",_xlfn.FORMULATEXT(K36))
L37: =IF(ISBLANK(K37),"",_xlfn.FORMULATEXT(K37))
... L57: =IF(ISBLANK(K57),"",_xlfn.FORMULATEXT(K57))

Sheet Debt
A1: =Info!A1 -> Renewable Energy Modeling
A2: =RIGHT(CELL("filename",A1),LEN(CELL("filename",A1))-SEARCH("]",CELL("filename", A1))) -> Debt | C2: Input | D2: Input | F2: ='Assumptions and Outputs'!D11 -> 55153 | G2: =EDATE(F2,12) -> 55518 | H2: =EDATE(G2,12) -> 55884 | I2: =EDATE(H2,12) -> 56249 | J2: =EDATE(I2,12) -> 56614 | K2: =EDATE(J2,12) -> 56979 | L2: =EDATE(K2,12) -> 57345 | M2: =EDATE(L2,12) -> 57710 | N2: =EDATE(M2,12) -> 58075 | ... AA2: =EDATE(Z2,12) -> 62823
B3: ="all in "&Local_currency&" 000s unless stated" -> all in GBP 000s unless stated | L3: =IF(ISBLANK(K3),"",_xlfn.FORMULATEXT(K3))
L4: =IF(ISBLANK(K4),"",_xlfn.FORMULATEXT(K4))
A5: Flags | L5: =IF(ISBLANK(K5),"",_xlfn.FORMULATEXT(K5))
B6: Grace period | C6: Ending | D6: ='Assumptions and Outputs'!D13 -> 56249 | F6: =IF(F2>$D$6,0,1) -> 1 | G6: =IF(G2>$D$6,0,1) -> 1 | H6: =IF(H2>$D$6,0,1) -> 1 | I6: =IF(I2>$D$6,0,1) -> 1 | J6: =IF(J2>$D$6,0,1) -> 0 | K6: =IF(K2>$D$6,0,1) -> 0 | L6: =IF(L2>$D$6,0,1) -> 0 | M6: =IF(M2>$D$6,0,1) -> 0 | ... AA6: =IF(AA2>$D$6,0,1) -> 0
B7: Interest during construction (IDC) | F7: ='Sources and Uses'!F7 -> 1 | G7: ='Sources and Uses'!G7 -> 1 | H7: ='Sources and Uses'!H7 -> 0 | I7: ='Sources and Uses'!I7 -> 0 | J7: ='Sources and Uses'!J7 -> 0 | K7: ='Sources and Uses'!K7 -> 0 | L7: ='Sources and Uses'!L7 -> 0 | M7: ='Sources and Uses'!M7 -> 0 | ... AA7: ='Sources and Uses'!AA7 -> 0
B8: DSCR/LLCR/IC measured | F8: =1-F7 -> 0 | G8: =1-G7 -> 0 | H8: =1-H7 -> 1 | I8: =1-I7 -> 1 | J8: =1-J7 -> 1 | K8: =1-K7 -> 1 | L8: =1-L7 -> 1 | M8: =1-M7 -> 1 | ... AA8: =1-AA7 -> 1
A10: Debt cashflows
B11: EBITDA | F11: =Operations!F50 -> 0 | G11: =Operations!G50 -> 0 | H11: =Operations!H50 -> 16412.826 | I11: =Operations!I50 -> 21955.446 | J11: =Operations!J50 -> 30156.831 | K11: =Operations!K50 -> 30476.773 | L11: =Operations!L50 -> 30823.704 | M11: =Operations!M50 -> 31198.702 | ... AA11: =Operations!AA50 -> 34960.025
B12: Cash taxes | F12: ='P&L and Tax'!F50 -> 0 | G12: ='P&L and Tax'!G50 -> -3.5830609 | H12: ='P&L and Tax'!H50 -> -3.5830609 | I12: ='P&L and Tax'!I50 -> -401.3598 | J12: ='P&L and Tax'!J50 -> -2002.6595 | K12: ='P&L and Tax'!K50 -> -3286.4945 | L12: ='P&L and Tax'!L50 -> -3457.6583 | M12: ='P&L and Tax'!M50 -> -3635.7043 | ... AA12: ='P&L and Tax'!AA50 -> -5589.1677
B13: Change in receivables | F13: ='Cashflow statement'!F7 -> 0 | G13: ='Cashflow statement'!G7 -> 0 | H13: ='Cashflow statement'!H7 -> -3483.4693 | I13: ='Cashflow statement'!I7 -> -615.13505 | J13: ='Cashflow statement'!J7 -> -765.84828 | K13: ='Cashflow statement'!K7 -> -121.72898 | L13: ='Cashflow statement'!L7 -> -127.7645 | M13: ='Cashflow statement'!M7 -> -134.04143 | ... AA13: ='Cashflow statement'!AA7 -> -271.24089
B14: Change in trade payables | F14: ='Cashflow statement'!F8 -> 0 | G14: ='Cashflow statement'!G8 -> 0 | H14: ='Cashflow statement'!H8 -> 4268.9399 | I14: ='Cashflow statement'!I8 -> 319.15438 | J14: ='Cashflow statement'!J8 -> 183.52377 | K14: ='Cashflow statement'!K8 -> 190.86472 | L14: ='Cashflow statement'!L8 -> 198.49931 | M14: ='Cashflow statement'!M8 -> 206.43928 | ... AA14: ='Cashflow statement'!AA8 -> 357.48604
B15: Investing cashflows | F15: ='Cashflow statement'!F13 -> -44561.92 | G15: ='Cashflow statement'!G13 -> -193807.16 | H15: ='Cashflow statement'!H13 -> 0 | I15: ='Cashflow statement'!I13 -> 0 | J15: ='Cashflow statement'!J13 -> 0 | K15: ='Cashflow statement'!K13 -> 0 | L15: ='Cashflow statement'!L13 -> 0 | M15: ='Cashflow statement'!M13 -> 0 | ... AA15: ='Cashflow statement'!AA13 -> 0
B16: CF available for debt service (CFADS) | F16: =SUM(F11:F15) -> -44561.92 | G16: =SUM(G11:G15) -> -193810.74 | H16: =SUM(H11:H15) -> 17194.713 | I16: =SUM(I11:I15) -> 21258.106 | J16: =SUM(J11:J15) -> 27571.847 | K16: =SUM(K11:K15) -> 27259.414 | L16: =SUM(L11:L15) -> 27436.78 | M16: =SUM(M11:M15) -> 27635.396 | ... AA16: =SUM(AA11:AA15) -> 29457.103
B18: Beginning cash | F18: =E53 -> 0 | G18: =F53 -> 0 | H18: =G53 -> 5761.562 | I18: =H53 -> 5793.8274 | J18: =I53 -> 13384.234 | K18: =J53 -> 13065.457 | L18: =K53 -> 12707.143 | M18: =L53 -> 12348.828 | ... AA18: =Z53 -> 2125.1016
B19: Cash available for senior debt | F19: =F16+F18 -> -44561.92 | G19: =G16+G18 -> -193810.74 | H19: =H16+H18 -> 22956.275 | I19: =I16+I18 -> 27051.933 | J19: =J16+J18 -> 40956.081 | K19: =K16+K18 -> 40324.871 | L19: =L16+L18 -> 40143.923 | M19: =M16+M18 -> 39984.224 | ... AA19: =AA16+AA18 -> 31582.204
B21: Beginning senior debt | F21: =E24 -> 0 | G21: =F24 -> 0 | H21: =G24 -> 85436.944 | I21: =H24 -> 85436.944 | J21: =I24 -> 85436.944 | K21: =J24 -> 79741.148 | L21: =K24 -> 74045.352 | M21: =L24 -> 68349.556 | ... AA21: =Z24 -> 0
B22: Issuance of debt | C22: Total | D22: =SUM(F22:AA22) -> 85436.944 | F22: ='Sources and Uses'!F66 -> 0 | G22: ='Sources and Uses'!G66 -> 85436.944 | H22: ='Sources and Uses'!H66 -> 0 | I22: ='Sources and Uses'!I66 -> 0 | J22: ='Sources and Uses'!J66 -> 0 | K22: ='Sources and Uses'!K66 -> 0 | L22: ='Sources and Uses'!L66 -> 0 | M22: ='Sources and Uses'!M66 -> 0 | ... AA22: ='Sources and Uses'!AA66 -> 0
B23: Mandatory repayment | C23: ='Assumptions and Outputs'!C69 -> Years | D23: ='Assumptions and Outputs'!D69 -> 15 | F23: =MIN($D$22/$D$23,F21)*(1-F6)*-1 -> 0 | G23: =MIN($D$22/$D$23,G21)*(1-G6)*-1 -> 0 | H23: =MIN($D$22/$D$23,H21)*(1-H6)*-1 -> 0 | I23: =MIN($D$22/$D$23,I21)*(1-I6)*-1 -> 0 | J23: =MIN($D$22/$D$23,J21)*(1-J6)*-1 -> -5695.7963 | K23: =MIN($D$22/$D$23,K21)*(1-K6)*-1 -> -5695.7963 | L23: =MIN($D$22/$D$23,L21)*(1-L6)*-1 -> -5695.7963 | M23: =MIN($D$22/$D$23,M21)*(1-M6)*-1 -> -5695.7963 | ... AA23: =MIN($D$22/$D$23,AA21)*(1-AA6)*-1 -> 0
B24: Ending senior debt | E24: 0 | F24: =SUM(F21:F23) -> 0 | G24: =SUM(G21:G23) -> 85436.944 | H24: =SUM(H21:H23) -> 85436.944 | I24: =SUM(I21:I23) -> 85436.944 | J24: =SUM(J21:J23) -> 79741.148 | K24: =SUM(K21:K23) -> 74045.352 | L24: =SUM(L21:L23) -> 68349.556 | M24: =SUM(M21:M23) -> 62653.759 | ... AA24: =SUM(AA21:AA23) -> 0
B25: Interest | C25: ='Sources and Uses'!C72 -> Int rate | D25: ='Sources and Uses'!D72 -> 0.038 | F25: =$D$25*AVERAGE(E24,F24)*(1-F7)*-1 -> 0 | G25: =$D$25*AVERAGE(F24,G24)*(1-G7)*-1 -> 0 | H25: =$D$25*AVERAGE(G24,H24)*(1-H7)*-1 -> -3246.6039 | I25: =$D$25*AVERAGE(H24,I24)*(1-I7)*-1 -> -3246.6039 | J25: =$D$25*AVERAGE(I24,J24)*(1-J7)*-1 -> -3138.3838 | K25: =$D$25*AVERAGE(J24,K24)*(1-K7)*-1 -> -2921.9435 | L25: =$D$25*AVERAGE(K24,L24)*(1-L7)*-1 -> -2705.5032 | M25: =$D$25*AVERAGE(L24,M24)*(1-M7)*-1 -> -2489.063 | ... AA25: =$D$25*AVERAGE(Z24,AA24)*(1-AA7)*-1 -> 0
B27: Cash available for junior debt | F27: =F19+F22+F23+F25 -> -44561.92 | G27: =G19+G22+G23+G25 -> -108373.79 | H27: =H19+H22+H23+H25 -> 19709.671 | I27: =I19+I22+I23+I25 -> 23805.33 | J27: =J19+J22+J23+J25 -> 32121.901 | K27: =K19+K22+K23+K25 -> 31707.132 | L27: =L19+L22+L23+L25 -> 31742.623 | M27: =M19+M22+M23+M25 -> 31799.365 | ... AA27: =AA19+AA22+AA23+AA25 -> 31582.204
B29: Beginning junior debt | F29: =E32 -> 0 | G29: =F32 -> 0 | H29: =G32 -> 36615.833 | I29: =H32 -> 36615.833 | J29: =I32 -> 36615.833 | K29: =J32 -> 34581.62 | L29: =K32 -> 32547.407 | M29: =L32 -> 30513.194 | ... AA29: =Z32 -> 2034.213
B30: Issuance of debt | C30: Total | D30: =SUM(F30:AA30) -> 36615.833 | F30: ='Sources and Uses'!F67 -> 0 | G30: ='Sources and Uses'!G67 -> 36615.833 | H30: ='Sources and Uses'!H67 -> 0 | I30: ='Sources and Uses'!I67 -> 0 | J30: ='Sources and Uses'!J67 -> 0 | K30: ='Sources and Uses'!K67 -> 0 | L30: ='Sources and Uses'!L67 -> 0 | M30: ='Sources and Uses'!M67 -> 0 | ... AA30: ='Sources and Uses'!AA67 -> 0
B31: Mandatory repayment | C31: ='Assumptions and Outputs'!C70 -> Years | D31: ='Assumptions and Outputs'!D70 -> 18 | F31: =MIN($D$30/$D$31,F29)*(1-F6)*-1 -> 0 | G31: =MIN($D$30/$D$31,G29)*(1-G6)*-1 -> 0 | H31: =MIN($D$30/$D$31,H29)*(1-H6)*-1 -> 0 | I31: =MIN($D$30/$D$31,I29)*(1-I6)*-1 -> 0 | J31: =MIN($D$30/$D$31,J29)*(1-J6)*-1 -> -2034.213 | K31: =MIN($D$30/$D$31,K29)*(1-K6)*-1 -> -2034.213 | L31: =MIN($D$30/$D$31,L29)*(1-L6)*-1 -> -2034.213 | M31: =MIN($D$30/$D$31,M29)*(1-M6)*-1 -> -2034.213 | ... AA31: =MIN($D$30/$D$31,AA29)*(1-AA6)*-1 -> -2034.213
B32: Ending junior debt | E32: 0 | F32: =SUM(F29:F31) -> 0 | G32: =SUM(G29:G31) -> 36615.833 | H32: =SUM(H29:H31) -> 36615.833 | I32: =SUM(I29:I31) -> 36615.833 | J32: =SUM(J29:J31) -> 34581.62 | K32: =SUM(K29:K31) -> 32547.407 | L32: =SUM(L29:L31) -> 30513.194 | M32: =SUM(M29:M31) -> 28478.981 | ... AA32: =SUM(AA29:AA31) -> 0
B33: Interest | C33: ='Sources and Uses'!C73 -> Int rate | D33: ='Sources and Uses'!D73 -> 0.068 | F33: =$D$33*AVERAGE(E32,F32)*(1-F7)*-1 -> 0 | G33: =$D$33*AVERAGE(F32,G32)*(1-G7)*-1 -> 0 | H33: =$D$33*AVERAGE(G32,H32)*(1-H7)*-1 -> -2489.8767 | I33: =$D$33*AVERAGE(H32,I32)*(1-I7)*-1 -> -2489.8767 | J33: =$D$33*AVERAGE(I32,J32)*(1-J7)*-1 -> -2420.7134 | K33: =$D$33*AVERAGE(J32,K32)*(1-K7)*-1 -> -2282.3869 | L33: =$D$33*AVERAGE(K32,L32)*(1-L7)*-1 -> -2144.0605 | M33: =$D$33*AVERAGE(L32,M32)*(1-M7)*-1 -> -2005.734 | ... AA33: =$D$33*AVERAGE(Z32,AA32)*(1-AA7)*-1 -> -69.163241
B35: Issuance of equity | F35: ='Sources and Uses'!F60 -> 44561.92 | G35: ='Sources and Uses'!G60 -> 77490.858 | H35: ='Sources and Uses'!H60 -> 0 | I35: ='Sources and Uses'!I60 -> 0 | J35: ='Sources and Uses'!J60 -> 0 | K35: ='Sources and Uses'!K60 -> 0 | L35: ='Sources and Uses'!L60 -> 0 | M35: ='Sources and Uses'!M60 -> 0 | ... AA35: ='Sources and Uses'!AA60 -> 0
B37: Cash after financing | F37: =F27+F30+F31+F33+F35 -> 0 | G37: =G27+G30+G31+G33+G35 -> 5732.8975 | H37: =H27+H30+H31+H33+H35 -> 17219.795 | I37: =I27+I30+I31+I33+I35 -> 21315.453 | J37: =J27+J30+J31+J33+J35 -> 27666.975 | K37: =K27+K30+K31+K33+K35 -> 27390.532 | L37: =L27+L30+L31+L33+L35 -> 27564.35 | M37: =M27+M30+M31+M33+M35 -> 27759.418 | ... AA37: =AA27+AA30+AA31+AA33+AA35 -> 29478.828
A39: DSRA
B40: Next year's mandatory debt payments | F40: =G23+G31 -> 0 | G40: =H23+H31 -> 0 | H40: =I23+I31 -> 0 | I40: =J23+J31 -> -7730.0093 | J40: =K23+K31 -> -7730.0093 | K40: =L23+L31 -> -7730.0093 | L40: =M23+M31 -> -7730.0093 | M40: =N23+N31 -> -7730.0093 | ... AA40: =AB23+AB31 -> 0
B41: Next year's interest payments | F41: =G25+G33 -> 0 | G41: =H25+H33 -> -5736.4806 | H41: =I25+I33 -> -5736.4806 | I41: =J25+J33 -> -5559.0972 | J41: =K25+K33 -> -5204.3304 | K41: =L25+L33 -> -4849.5637 | L41: =M25+M33 -> -4494.797 | M41: =N25+N33 -> -4140.0302 | ... AA41: =AB25+AB33 -> 0
B42: DSRA requirement | F42: =SUM(F40:F41) -> 0 | G42: =SUM(G40:G41) -> -5736.4806 | H42: =SUM(H40:H41) -> -5736.4806 | I42: =SUM(I40:I41) -> -13289.106 | J42: =SUM(J40:J41) -> -12934.34 | K42: =SUM(K40:K41) -> -12579.573 | L42: =SUM(L40:L41) -> -12224.806 | M42: =SUM(M40:M41) -> -11870.039 | ... AA42: =SUM(AA40:AA41) -> 0
A44: Dividends
B45: Cash available for distributions | F45: =F37+F42 -> 0 | G45: =G37+G42 -> -3.5830609 | H45: =H37+H42 -> 11483.314 | I45: =I37+I42 -> 8026.3464 | J45: =J37+J42 -> 14732.635 | K45: =K37+K42 -> 14810.959 | L45: =L37+L42 -> 15339.544 | M45: =M37+M42 -> 15889.378 | ... AA45: =AA37+AA42 -> 29478.828
B46: Dividend covenant flag | C46: Min DSCR | D46: ='Assumptions and Outputs'!D89 -> 2 | F46: =IFERROR(IF($D$46>F63*F8,0,1),0) -> 0 | G46: =IFERROR(IF($D$46>G63*G8,0,1),0) -> 0 | H46: =IFERROR(IF($D$46>H63*H8,0,1),0) -> 1 | I46: =IFERROR(IF($D$46>I63*I8,0,1),0) -> 1 | J46: =IFERROR(IF($D$46>J63*J8,0,1),0) -> 1 | K46: =IFERROR(IF($D$46>K63*K8,0,1),0) -> 1 | L46: =IFERROR(IF($D$46>L63*L8,0,1),0) -> 1 | M46: =IFERROR(IF($D$46>M63*M8,0,1),0) -> 1 | ... AA46: =IFERROR(IF($D$46>AA63*AA8,0,1),0) -> 1
B47: Dividends | C47: Div % | D47: ='Assumptions and Outputs'!D88 -> 1 | F47: =F45*F46*$D$47*-1 -> 0 | G47: =G45*G46*$D$47*-1 -> 0 | H47: =H45*H46*$D$47*-1 -> -11483.314 | I47: =I45*I46*$D$47*-1 -> -8026.3464 | J47: =J45*J46*$D$47*-1 -> -14732.635 | K47: =K45*K46*$D$47*-1 -> -14810.959 | L47: =L45*L46*$D$47*-1 -> -15339.544 | M47: =M45*M46*$D$47*-1 -> -15889.378 | ... AA47: =AA45*AA46*$D$47*-1 -> -29478.828
B49: Cash attracting interest | F49: =F37+F47 -> 0 | G49: =G37+G47 -> 5732.8975 | H49: =H37+H47 -> 5736.4806 | I49: =I37+I47 -> 13289.106 | J49: =J37+J47 -> 12934.34 | K49: =K37+K47 -> 12579.573 | L49: =L37+L47 -> 12224.806 | M49: =M37+M47 -> 11870.039 | ... AA49: =AA37+AA47 -> 0
B50: Interest income | C50: Int rate | D50: ='Assumptions and Outputs'!D79 -> 0.01 | F50: =$D$50*AVERAGE(E49,F49) -> 0 | G50: =$D$50*AVERAGE(F49,G49) -> 28.664487 | H50: =$D$50*AVERAGE(G49,H49) -> 57.34689 | I50: =$D$50*AVERAGE(H49,I49) -> 95.127935 | J50: =$D$50*AVERAGE(I49,J49) -> 131.11723 | K50: =$D$50*AVERAGE(J49,K49) -> 127.56956 | L50: =$D$50*AVERAGE(K49,L49) -> 124.0219 | M50: =$D$50*AVERAGE(L49,M49) -> 120.47423 | ... AA50: =$D$50*AVERAGE(Z49,AA49) -> 10.516881
A52: Cashflow check
B53: Ending cash | E53: 0 | F53: =F49+F50 -> 0 | G53: =G49+G50 -> 5761.562 | H53: =H49+H50 -> 5793.8274 | I53: =I49+I50 -> 13384.234 | J53: =J49+J50 -> 13065.457 | K53: =K49+K50 -> 12707.143 | L53: =L49+L50 -> 12348.828 | M53: =M49+M50 -> 11990.514 | ... AA53: =AA49+AA50 -> 10.516881
B54: Check of debt ending cash to CFS ending cash | F54: =F53-'Cashflow statement'!F23 -> 0 | G54: =G53-'Cashflow statement'!G23 -> -1.546141e-11 | H54: =H53-'Cashflow statement'!H23 -> -1.6370905e-11 | I54: =I53-'Cashflow statement'!I23 -> -1.6370905e-11 | J54: =J53-'Cashflow statement'!J23 -> -2.1827873e-11 | K54: =K53-'Cashflow statement'!K23 -> -2.1827873e-11 | L54: =L53-'Cashflow statement'!L23 -> -2.3646862e-11 | M54: =M53-'Cashflow statement'!M23 -> -2.7284841e-11 | ... AA54: =AA53-'Cashflow statement'!AA23 -> -3.7834624e-11
A56: Overall DSCR
B57: Total interest expense | F57: =F25+F33 -> 0 | G57: =G25+G33 -> 0 | H57: =H25+H33 -> -5736.4806 | I57: =I25+I33 -> -5736.4806 | J57: =J25+J33 -> -5559.0972 | K57: =K25+K33 -> -5204.3304 | L57: =L25+L33 -> -4849.5637 | M57: =M25+M33 -> -4494.797 | ... AA57: =AA25+AA33 -> -69.163241
B58: Total mandatory payments | F58: =F23+F31 -> 0 | G58: =G23+G31 -> 0 | H58: =H23+H31 -> 0 | I58: =I23+I31 -> 0 | J58: =J23+J31 -> -7730.0093 | K58: =K23+K31 -> -7730.0093 | L58: =L23+L31 -> -7730.0093 | M58: =M23+M31 -> -7730.0093 | ... AA58: =AA23+AA31 -> -2034.213
B59: Total debt service | F59: =SUM(F57:F58) -> 0 | G59: =SUM(G57:G58) -> 0 | H59: =SUM(H57:H58) -> -5736.4806 | I59: =SUM(I57:I58) -> -5736.4806 | J59: =SUM(J57:J58) -> -13289.106 | K59: =SUM(K57:K58) -> -12934.34 | L59: =SUM(L57:L58) -> -12579.573 | M59: =SUM(M57:M58) -> -12224.806 | ... AA59: =SUM(AA57:AA58) -> -2103.3762
B61: CFADS | F61: =F16 -> -44561.92 | G61: =G16 -> -193810.74 | H61: =H16 -> 17194.713 | I61: =I16 -> 21258.106 | J61: =J16 -> 27571.847 | K61: =K16 -> 27259.414 | L61: =L16 -> 27436.78 | M61: =M16 -> 27635.396 | ... AA61: =AA16 -> 29457.103
B63: Total DSCR | F63: =IFERROR(F61/F59/F8*-1,"na") -> na | G63: =IFERROR(G61/G59/G8*-1,"na") -> na | H63: =IFERROR(H61/H59/H8*-1,"na") -> 2.9974325 | I63: =IFERROR(I61/I59/I8*-1,"na") -> 3.705775 | J63: =IFERROR(J61/J59/J8*-1,"na") -> 2.0747706 | K63: =IFERROR(K61/K59/K8*-1,"na") -> 2.1075227 | L63: =IFERROR(L61/L59/L8*-1,"na") -> 2.1810582 | M63: =IFERROR(M61/M59/M8*-1,"na") -> 2.2605999 | ... AA63: =IFERROR(AA61/AA59/AA8*-1,"na") -> 14.004676
B64: DSCR breach | C64: Target | D64: ='Assumptions and Outputs'!D81 -> 1.25 | F64: =IF($D$64>F63,1,) -> 0 | G64: =IF($D$64>G63,1,) -> 0 | H64: =IF($D$64>H63,1,) -> 0 | I64: =IF($D$64>I63,1,) -> 0 | J64: =IF($D$64>J63,1,) -> 0 | K64: =IF($D$64>K63,1,) -> 0 | L64: =IF($D$64>L63,1,) -> 0 | M64: =IF($D$64>M63,1,) -> 0 | ... AA64: =IF($D$64>AA63,1,) -> 0
A66: Individual debt tranche DSCR
B67: Senior debt service | F67: =F23+F25 -> 0 | G67: =G23+G25 -> 0 | H67: =H23+H25 -> -3246.6039 | I67: =I23+I25 -> -3246.6039 | J67: =J23+J25 -> -8834.1801 | K67: =K23+K25 -> -8617.7398 | L67: =L23+L25 -> -8401.2995 | M67: =M23+M25 -> -8184.8593 | ... AA67: =AA23+AA25 -> 0
B68: Junior debt service | F68: =F31+F33 -> 0 | G68: =G31+G33 -> 0 | H68: =H31+H33 -> -2489.8767 | I68: =I31+I33 -> -2489.8767 | J68: =J31+J33 -> -4454.9264 | K68: =K31+K33 -> -4316.5999 | L68: =L31+L33 -> -4178.2734 | M68: =M31+M33 -> -4039.9469 | ... AA68: =AA31+AA33 -> -2103.3762
B70: Cashflow available for senior debt | F70: =F61 -> -44561.92 | G70: =G61 -> -193810.74 | H70: =H61 -> 17194.713 | I70: =I61 -> 21258.106 | J70: =J61 -> 27571.847 | K70: =K61 -> 27259.414 | L70: =L61 -> 27436.78 | M70: =M61 -> 27635.396 | ... AA70: =AA61 -> 29457.103
B71: Senior debt DSCR | F71: =IFERROR(F70/F67/F8*-1,"na") -> na | G71: =IFERROR(G70/G67/G8*-1,"na") -> na | H71: =IFERROR(H70/H67/H8*-1,"na") -> 5.2962153 | I71: =IFERROR(I70/I67/I8*-1,"na") -> 6.5477978 | J71: =IFERROR(J70/J67/J8*-1,"na") -> 3.121042 | K71: =IFERROR(K70/K67/K8*-1,"na") -> 3.1631745 | L71: =IFERROR(L70/L67/L8*-1,"na") -> 3.2657781 | M71: =IFERROR(M70/M67/M8*-1,"na") -> 3.3764045 | ... AA71: =IFERROR(AA70/AA67/AA8*-1,"na") -> na
B72: DSCR breach | C72: Target | D72: ='Assumptions and Outputs'!D82 -> 1.5 | F72: =IF($D$72>F71,1,0) -> 0 | G72: =IF($D$72>G71,1,0) -> 0 | H72: =IF($D$72>H71,1,0) -> 0 | I72: =IF($D$72>I71,1,0) -> 0 | J72: =IF($D$72>J71,1,0) -> 0 | K72: =IF($D$72>K71,1,0) -> 0 | L72: =IF($D$72>L71,1,0) -> 0 | M72: =IF($D$72>M71,1,0) -> 0 | ... AA72: =IF($D$72>AA71,1,0) -> 0
B74: Cashflow available for junior debt | F74: =F16+F23+F25 -> -44561.92 | G74: =G16+G23+G25 -> -193810.74 | H74: =H16+H23+H25 -> 13948.109 | I74: =I16+I23+I25 -> 18011.502 | J74: =J16+J23+J25 -> 18737.667 | K74: =K16+K23+K25 -> 18641.675 | L74: =L16+L23+L25 -> 19035.481 | M74: =M16+M23+M25 -> 19450.537 | ... AA74: =AA16+AA23+AA25 -> 29457.103
B75: Junior debt DSCR | F75: =IFERROR(F74/F68/F8*-1,"na") -> na | G75: =IFERROR(G74/G68/G8*-1,"na") -> na | H75: =IFERROR(H74/H68/H8*-1,"na") -> 5.6019278 | I75: =IFERROR(I74/I68/I8*-1,"na") -> 7.2338933 | J75: =IFERROR(J74/J68/J8*-1,"na") -> 4.2060553 | K75: =IFERROR(K74/K68/K8*-1,"na") -> 4.3186015 | L75: =IFERROR(L74/L68/L8*-1,"na") -> 4.5558246 | M75: =IFERROR(M74/M68/M8*-1,"na") -> 4.8145525 | ... AA75: =IFERROR(AA74/AA68/AA8*-1,"na") -> 14.004676
B76: DSCR breach | C76: Target | D76: ='Assumptions and Outputs'!D83 -> 2 | F76: =IF($D$76>F75,1,0) -> 0 | G76: =IF($D$76>G75,1,0) -> 0 | H76: =IF($D$76>H75,1,0) -> 0 | I76: =IF($D$76>I75,1,0) -> 0 | J76: =IF($D$76>J75,1,0) -> 0 | K76: =IF($D$76>K75,1,0) -> 0 | L76: =IF($D$76>L75,1,0) -> 0 | M76: =IF($D$76>M75,1,0) -> 0 | ... AA76: =IF($D$76>AA75,1,0) -> 0
A78: LLCR
B79: NPV of CFADS | C79: Cost of debt | D79: ='Assumptions and Outputs'!D77 -> 0.047 | F79: =NPV($D$79,G61:$AA$61) -> 148041.67 | G79: =NPV($D$79,H61:$AA$61) -> 348810.37 | H79: =NPV($D$79,I61:$AA$61) -> 348009.75 | I79: =NPV($D$79,J61:$AA$61) -> 343108.1 | J79: =NPV($D$79,K61:$AA$61) -> 331662.33 | K79: =NPV($D$79,L61:$AA$61) -> 319991.05 | L79: =NPV($D$79,M61:$AA$61) -> 307593.85 | M79: =NPV($D$79,N61:$AA$61) -> 294415.36 | ... Z79: =NPV($D$79,AA61:$AA$61) -> 28134.768 | AA79: =NPV($D$79,$AA61:AB$61) -> 28134.768
B80: Outstanding loan balances | F80: =F24+F32 -> 0 | G80: =G24+G32 -> 122052.78 | H80: =H24+H32 -> 122052.78 | I80: =I24+I32 -> 122052.78 | J80: =J24+J32 -> 114322.77 | K80: =K24+K32 -> 106592.76 | L80: =L24+L32 -> 98862.75 | M80: =M24+M32 -> 91132.741 | ... AA80: =AA24+AA32 -> 0
B81: LLCR | F81: =IFERROR(F79/F80/F8,"na") -> na | G81: =IFERROR(G79/G80/G8,"na") -> na | H81: =IFERROR(H79/H80/H8,"na") -> 2.8513054 | I81: =IFERROR(I79/I80/I8,"na") -> 2.8111453 | J81: =IFERROR(J79/J80/J8,"na") -> 2.9011048 | K81: =IFERROR(K79/K80/K8,"na") -> 3.0019961 | L81: =IFERROR(L79/L80/L8,"na") -> 3.111322 | M81: =IFERROR(M79/M80/M8,"na") -> 3.2306212 | ... AA81: =IFERROR(AA79/AA80/AA8,"na") -> na
B82: LLCR breach | C82: Target | D82: ='Assumptions and Outputs'!D84 -> 1.5 | F82: =IF($D$82>F81,1,0) -> 0 | G82: =IF($D$82>G81,1,0) -> 0 | H82: =IF($D$82>H81,1,0) -> 0 | I82: =IF($D$82>I81,1,0) -> 0 | J82: =IF($D$82>J81,1,0) -> 0 | K82: =IF($D$82>K81,1,0) -> 0 | L82: =IF($D$82>L81,1,0) -> 0 | M82: =IF($D$82>M81,1,0) -> 0 | ... AA82: =IF($D$82>AA81,1,0) -> 0
A84: Interest cover
B85: Interest cover | F85: =IFERROR(F61/F57/F8*-1,"na") -> na | G85: =IFERROR(G61/G57/G8*-1,"na") -> na | H85: =IFERROR(H61/H57/H8*-1,"na") -> 2.9974325 | I85: =IFERROR(I61/I57/I8*-1,"na") -> 3.705775 | J85: =IFERROR(J61/J57/J8*-1,"na") -> 4.9597706 | K85: =IFERROR(K61/K57/K8*-1,"na") -> 5.2378331 | L85: =IFERROR(L61/L57/L8*-1,"na") -> 5.657577 | M85: =IFERROR(M61/M57/M8*-1,"na") -> 6.1483079 | ... AA85: =IFERROR(AA61/AA57/AA8*-1,"na") -> 425.90692
B86: Interest cover breach | C86: Target | D86: ='Assumptions and Outputs'!D85 -> 1.5 | F86: =IF($D$86>F85,1,0) -> 0 | G86: =IF($D$86>G85,1,0) -> 0 | H86: =IF($D$86>H85,1,0) -> 0 | I86: =IF($D$86>I85,1,0) -> 0 | J86: =IF($D$86>J85,1,0) -> 0 | K86: =IF($D$86>K85,1,0) -> 0 | L86: =IF($D$86>L85,1,0) -> 0 | M86: =IF($D$86>M85,1,0) -> 0 | ... AA86: =IF($D$86>AA85,1,0) -> 0
A88: Breaches of any covenant
B89: Any breaches | C89: # Breaches | D89: =SUM(F89:AA89) -> 0 | F89: =F86+F82+F76+F72+F64 -> 0 | G89: =G86+G82+G76+G72+G64 -> 0 | H89: =H86+H82+H76+H72+H64 -> 0 | I89: =I86+I82+I76+I72+I64 -> 0 | J89: =J86+J82+J76+J72+J64 -> 0 | K89: =K86+K82+K76+K72+K64 -> 0 | L89: =L86+L82+L76+L72+L64 -> 0 | M89: =M86+M82+M76+M72+M64 -> 0 | ... AA89: =AA86+AA82+AA76+AA72+AA64 -> 0
A91: End
